Workbook

Sheet  Вода  У (2)
E1: Фасонные изделия
E2: Расходные материалы
A3: Сметный расчет №1
A5: № п/п | E5: Наименование | F5: Ед. изм. | G5: Объем работ | H5: Стоимость за ед., руб. | I5: Общая стоимость, руб.
A6: Водопровод
A7: 1 | E7: Водопровод холодной и горячей воды (В1,Т3) выше отм.0,000 (жилая часть)
E8: Квартирные узлы учета хол. и гор. воды (1-я, 2-я зоны)
E9: Кран шаровый муфтовый НР-ВР 1/2" Валтек, HLV | F9: шт | G9: 352 | I9: =G9*H9 -> 0
E10: Фильтр сетчатый муфтовый ВР 1/2" / Валтек | F10: шт | G10: 352 | I10: =G10*H10 -> 0
E11: Редуктор давления ВР 1/2" ИКМА | F11: шт | G11: 352 | I11: =G11*H11 -> 0
E12: Счетчик холодной воды "Пульсар" универсальный Ду-15; Qn=1,5 м3/час; L=80мм; обратным клапаном; (присоединители в комплекте); МПИ 6 лет / В1 Телеметрия | F12: шт | G12: 176 | I12: =G12*H12 -> 0
E13: Счетчик горячей воды "Пульсар" универсальный Ду-15; Qn=1,5 м3/час; L=80мм; обратным клапаном; (присоединители в комплекте); МПИ 6 лет / Т3 Телеметрия | F13: шт | G13: 176 | I13: =G13*H13 -> 0
E14: Кран шаровый муфтовый ВР-ВР 1/2" Валтек, HLV | F14: шт | G14: 352 | I14: =G14*H14 -> 0
E15: Кран шаровый муфтовый Вр-Вр 1/2" (для УВП ХВС) Валтек | F15: шт | G15: 176 | I15: =G15*H15 -> 0
E16: Офисные узлы учета хол. и гор. воды 1 этаж | I16: =G16*H16 -> 0
E17: Кран шаровый муфтовый НР-ВР 1/2" Валтек | F17: шт | G17: 12 | I17: =G17*H17 -> 0
E18: Фильтр сетчатый муфтовый ВР 1/2" / Валтек | F18: шт | G18: 12 | I18: =G18*H18 -> 0
E19: Редуктор давления ВР 1/2" Валтек, HLV | F19: шт | G19: 12 | I19: =G19*H19 -> 0
E20: Счетчик холодной воды "Пульсар" универсальный Ду-15; Qn=1,5 м3/час; L=80мм; обратным клапаном; (присоединители в комплекте); МПИ 6 лет / В1 Телеметрия | F20: шт | G20: 12 | I20: =G20*H20 -> 0
E21: Фасонные изделия (ниппеля, тройники, заглушка) | F21: % | I21: =G21*H21 -> 0
E22: Расходные материалы (хомуты, шпилька) | F22: % | I22: =G22*H22 -> 0
E23: Квартирные стояки В1 (1-я зона) выше отм 0.000
E24: Труба ППН PN20 DN20х3,4 TEBO | F24: м | G24: 100 | I24: =G24*H24 -> 0
E25: Труба ППН PN20 DN40х6,7 TEBO | F25: м | G25: 260 | I25: =G25*H25 -> 0
E26: Труба ППН PN20 DN32х6,7 TEBO | F26: м | G26: 70 | I26: =G26*H26 -> 0
E27: Труба ППН PN20 DN25х6,8 TEBO | F27: м | G27: 32 | I27: =G27*H27 -> 0
E28: Фасонные изделия (муфта соединительная, заглушка, тройники ППН, угольник ППН, переходы ППН, гильза, теплоизоляция Термафлекс) | F28: %
E29: Расходные материалы (хомуты ППН, скотч) | F29: %
E30: Квартирные стояки В1 (2-я зона) выше отм 0.000
E31: Труба стальная нерж. AISI304 Д-21,3х3,0 мм (ISO) (Ду15) | F31: м | G31: 28 | I31: =G31*H31 -> 0
E32: Труба стальная нерж. AISI304 Д-28,0х3,0 мм (ISO) (Ду20) | F32: м | G32: 28 | I32: =G32*H32 -> 0
E33: Труба стальная нерж. AISI304 Д-33,0х3,0 мм (ISO) (Ду25) | F33: м | G33: 48 | I33: =G33*H33 -> 0
E34: Труба стальная нерж. AISI304 Д-40,0х3,0 мм (ISO) (Ду32) | F34: м | G34: 236 | I34: =G34*H34 -> 0
E35: Труба стальная нерж. AISI304 Д-48,3х3,0 мм (ISO) (Ду40) | F35: м | G35: 12 | I35: =G35*H35 -> 0
E36: Труба стальная нерж. AISI304 Д-57,0х3,0 мм (ISO) (Ду50) | F36: м | G36: 90 | I36: =G36*H36 -> 0
E37: Кран шаровый муфтовый с НГ 1 1/4" Валтек, HLV | F37: шт | G37: 8 | I37: =G37*H37 -> 0
E38: Кран шаровый муфтовый Вр 2" Валтек, HLV | F38: шт | G38: 1 | I38: =G38*H38 -> 0
E39: Сгон Нр-Вр 2" | F39: шт | G39: 1 | I39: =G39*H39 -> 0
E40: Муфта лат. ВР 1 1/4" | F40: шт | G40: 8 | I40: =G40*H40 -> 0
E41: Фасонные изделия (резьба стальная нерж., гильза из стальной трубы, теплоизоляция Термафлекс) | F41: % | I41: =G41*H41 -> 0
E42: Расходные материалы (асбестовый шнур, клей термафлекс, скотч, хомуты для стальной трубы, шпильца оцинкованная резьбовая, гайка оцинкованная, шайба оцинкованная резьбовая, гайка оцинкованная, шайба усиленная, гель сантехнический, электроды по нержавейки, диски отрезные, П-образный элемент индивидуального изготовления в комплекте с креплением, грунтовка ГФ-021) | F42: % | I42: =G42*H42 -> 0
E43: Квартирные стояки Т3(1-я зона) выше отм 0.000
E44: Труба ППН SDR 6 арм.стекловолокно (PN20) DN20x3,4 TEBO | F44: м | G44: 25 | I44: =G44*H44 -> 0
E45: Труба ППН SDR 6 арм.стекловолокно (PN20) DN25x5,4 TEBO | F45: м | G45: 40 | I45: =G45*H45 -> 0
E46: Труба ППН SDR 6 арм.стекловолокно (PN20) DN32x5,4 TEBO | F46: м | G46: 64 | I46: =G46*H46 -> 0
E47: Труба ППН SDR 6 арм.стекловолокно (PN20) DN40x6,7 TEBO | F47: м | G47: 310 | I47: =G47*H47 -> 0
E48: Кран шаровый муфтовый Вр-Вр 3/4" / подкл. ПС MVI | F48: шт | G48: 176 | I48: =G48*H48 -> 0
E49: Воздухоотводчик автоматический Нр 1/2" Валтек | F49: шт | G49: 8 | I49: =G49*H49 -> 0
E50: Кран шаровый муфтовый ВР-ВР 1/2" Валтек | F50: шт | G50: 8 | I50: =G50*H50 -> 0
E51: Кран шаровый со сгоном ВР-НР 3/4" Валтек | F51: шт | G51: 8 | I51: =G51*H51 -> 0
E52: Штуцер PE-Xa Q&E пресс латунь 20х3/4" ВР | F52: шт | G52: 8 | I52: =G52*H52 -> 0
E53: Кольцо белое Q&E 20 | F53: шт | G53: 8 | I53: =G53*H53 -> 0
E54: Фасонные изделия (муфты соединительные ППН, переходы ППН, угольники ППН, тройники ППН, гильза из теплоизоляции K-flex ST,Теплоизоляция Термафлекс толщиной s-13мм) | F54: % | I54: =G54*H54 -> 0
E55: Расходные материалы (Клей Термафлекc, скотч, хомуты для трубы ППН, гель сантехнический) | F55: % | I55: =G55*H55 -> 0
E56: Квартирные стояки Т3(2-я зона) выше отм 0.000 | I56: =G56*H56 -> 0
E57: Труба стальная нерж. AISI304 Д-21,3х3,0 мм (ISO) (Ду15) | F57: м | G57: 28 | I57: =G57*H57 -> 0
E58: Труба стальная нерж. AISI304 Д-28х3,0 мм (ISO) (Ду20) | F58: м | G58: 28 | I58: =G58*H58 -> 0
E59: Труба стальная нерж. AISI304 Д-33,7х3,0 мм (ISO) (Ду25) | F59: м | G59: 48 | I59: =G59*H59 -> 0
E60: Труба стальная нерж. AISI304 Д-40,0х3,0 мм (ISO) (Ду32) | F60: м | G60: 236 | I60: =G60*H60 -> 0
E61: Труба стальная нерж. AISI304 Д-48,3х3,0 мм (ISO) (Ду40) | F61: м | G61: 17 | I61: =G61*H61 -> 0
E62: Труба стальная нерж. AISI304 Д-57,0х3,0 мм (ISO) (Ду50) | F62: м | G62: 90 | I62: =G62*H62 -> 0
E63: Кран шаровый муфтовый с НГ 1 1/4" Валтек | F63: шт | G63: 8 | I63: =G63*H63 -> 0
E64: Кран шаровый муфтовый Вр 2" Валтек | F64: шт | G64: 1 | I64: =G64*H64 -> 0
E65: Сгон Нр-Вр 2" | F65: шт | G65: 1 | I65: =G65*H65 -> 0
E66: Муфта лат. ВР 1 1/4" | F66: шт | G66: 8 | I66: =G66*H66 -> 0
E67: Кран шаровый муфтовый Вр-Вр 1/2" Валтек | F67: шт | G67: 1 | I67: =G67*H67 -> 0
E68: Воздухоотводчик автоматический Нр 1/2" Валтек | F68: шт | G68: 1 | I68: =G68*H68 -> 0
... E71: Штуцер PE-Xa Q&E пресс латунь 20х3/4" ВР подкл. Т4 | F71: шт | G71: 8 | I71: =G71*H71 -> 0
E72: Фасонные изделия (резьба стальная нерж, отвод стальной нерж., переход стальной нерж., гильза из стальной трубы, теплоизоляция термафлекс толщиной 13мм) | F72: %
E73: Расходные материалы (асбестовый шнур, клей термафлекс, скотч, хомуты для стальной трубы, гель сантехнический, электроды по нерж., диски отрезные, грунтовка ГФ-021) | F73: %
E74: Горизонтальная разводка в полу систем В1, Т3 выше отм. 0.000 Система Т4 выше отм 0.000 (жилая часть) | I74: =G74*H74 -> 0
E75: Поэтажные перекиды В1, Т3 в квартирах | I75: =G75*H75 -> 0
E76: Труба ROSS PE-Xa PN10 сш/пэ Дн 16х2,2 | F76: м | G76: 3150 | I76: =G76*H76 -> 0
E77: Штуцер PE-Xa Q&E пресс латунь 16х1/2" НР / САН.УЗЕЛ В1 | F77: шт | G77: 164 | I77: =G77*H77 -> 0
E78: Штуцер PE-Xa Q&E пресс латунь 16х1/2" НР / САН.УЗЕЛ Т3 | F78: шт | G78: 164 | I78: =G78*H78 -> 0
E79: Штуцер PE-Xa Q&E пресс латунь 16х1/2" НР / КУХНЯ В1 | F79: шт | G79: 164 | I79: =G79*H79 -> 0
E80: Штуцер PE-Xa Q&E пресс латунь 16х1/2" НР / КУХНЯ Т3 | F80: шт | G80: 164 | I80: =G80*H80 -> 0
E81: Кольцо белое Q&E 16 | F81: шт | G81: 1576 | I81: =G81*H81 -> 0
E82: Кожух гофрированный Д-25 | F82: шт | G82: 3150 | I82: =G82*H82 -> 0
E83: Опора ППН 16 | F83: шт | G83: 328 | I83: =G83*H83 -> 0
E84: Фасонные изделия (муфта соединительная, угольник, заглушка) | F84: %
E85: Расходные материалы (перфолента, дюбель гвоздь 6*40) | F85: %
E86: Система Т4 выше отм. 0.000. 1-я зона | I86: =G86*H86 -> 0
E87: Труба ППН SDR 6 арм.стекловолокно (PN20) DN20x3,4 TEBO | F87: м | G87: 0.3 | I87: =G87*H87 -> 0
E88: Труба ППН SDR 6 арм.стекловолокно (PN20) DN40x6,7 TEBO | F88: м | G88: 84 | I88: =G88*H88 -> 0
E89: Воздухоотводчик автоматический Нр 1/2" Валтек | F89: шт | G89: 2 | I89: =G89*H89 -> 0
E90: Кран шаровый муфтовый Вр-Вр 1/2" Валтек | F90: шт | G90: 2 | I90: =G90*H90 -> 0
E91: Кран шаровый муфтовый с НГ 1 1/4" | F91: шт | G91: 2 | I91: =G91*H91 -> 0
E92: Коллектор ВР Д-32 с 4-мя выходами Д20 с заглушкой | F92: шт | G92: 2 | I92: =G92*H92 -> 0
E93: Коллекторный шкаф, габаритные размеры: 600x450x110 | F93: шт | G93: 2 | I93: =G93*H93 -> 0
E94: Конслоль L-300мм / крепление ВУ | F94: шт | G94: 4 | I94: =G94*H94 -> 0
E95: Штуцер PE-Xa Q&E пресс латунь 20х3/4" ВР | F95: шт | G95: 16 | I95: =G95*H95 -> 0
E96: Кольцо белое Q&E 20 | F96: шт | G96: 16 | I96: =G96*H96 -> 0
E97: Кран шаровый со сгоном 3/4" Валтек полнопроходной | F97: шт | G97: 16 | I97: =G97*H97 -> 0
E98: Труба Uponor RADI PIPE PN10 сш/пэ Дн 20х2,8 | F98: м | G98: 100 | I98: =G98*H98 -> 0
... E102: Кран шаровый муфтовый ВР-ВР 1/2" / сброс | F102: шт | G102: 2 | I102: =G102*H102 -> 0
E103: Фасонные изделия (муфты ППН, тройник ППН, уголок ППН, угольник, гильза из теплоизоляции K-flex ST, Теплоизоляция Термафлекс толщиной 13мм) | F103: %
E104: Расходные материалы (дюбель гвоздь 6*40, шуруп с шестигранной головкой 8*80, дюбель распорный пластиковый, перфолента, дюбель гвоздь 6*40, скотч армированный, хомут для трубы ППН, гель сантехнический) | F104: %
E105: Система Т4 выше отм. 0.000. 2-я зона | I105: =G105*H105 -> 0
E106: Труба ППН SDR 6 арм.стекловолокно (PN20) DN20x3,4 TEBO | F106: м | G106: 0.3 | I106: =G106*H106 -> 0
...

Sheet ИТП ГП-9
A2: Сметный расчет №4
A3: Жилой район «Преображенский» в г. Тюмени. Квартал 3.» Участок 72:17:1313004:6273. Многоэтажный жилой дом ГП-9. | G3: №1 от 31.03.21 | I3: №2 от 30.04.21 | K3: №3 от 31.05.21 | O3: Накопление | Q3: Остаток
A4: № | B4: Наименование | C4: Ед. | D4: Кол-во | E4: Цена | F4: Сумма | G4: Кол-во | H4: Сумма | I4: Кол-во | J4: Сумма | K4: Кол-во | L4: Сумма | M4: Кол-во | N4: Сумма | O4: Кол-во | P4: Сумма | Q4: Кол-во | R4: Сумма
A5: Раздел 1. Устройство системы ИТП
A6: 1 | B6: Узел ввода
A7: 1.01 | B7: Регулятор перепада давления VFG 2 Danfoss Ду65 | C7: шт. | D7: 1 | E7: 153424.8 | F7: =D7*E7 -> 153424.8 | G7: 1 | H7: =G7*E7 -> 153424.8 | J7: =I7*E7 -> 0 | L7: =K7*E7 -> 0 | O7: =G7+I7+K7+M7 -> 1 | P7: =H7+J7+L7+N7 -> 153424.8 | Q7: =D7-O7 -> 0 | R7: =F7-P7 -> 0
A8: =A7+0.01 -> 1.02 | B8: Регулирующий блок AFP Danfoss с имп. трубкой | C8: шт. | D8: 1 | E8: 87974.1 | F8: =D8*E8 -> 87974.1 | G8: 1 | H8: =G8*E8 -> 87974.1 | J8: =I8*E8 -> 0 | L8: =K8*E8 -> 0 | O8: =G8+I8+K8+M8 -> 1 | P8: =H8+J8+L8+N8 -> 87974.1 | Q8: =D8-O8 -> 0 | R8: =F8-P8 -> 0
A9: =A8+0.01 -> 1.03 | B9: Кран шаровый под приварку, Ду32 LD | C9: шт. | D9: 1 | E9: 1384.7 | F9: =D9*E9 -> 1384.7 | G9: 1 | H9: =G9*E9 -> 1384.7 | J9: =I9*E9 -> 0 | L9: =K9*E9 -> 0 | O9: =G9+I9+K9+M9 -> 1 | P9: =H9+J9+L9+N9 -> 1384.7 | Q9: =D9-O9 -> 0 | R9: =F9-P9 -> 0
A10: =A9+0.01 -> 1.04 | B10: Кран шаровый под приварку, Ду15 LD | C10: шт. | D10: 1 | E10: 1007.58 | F10: =D10*E10 -> 1007.58 | G10: 1 | H10: =G10*E10 -> 1007.58 | J10: =I10*E10 -> 0 | L10: =K10*E10 -> 0 | O10: =G10+I10+K10+M10 -> 1 | P10: =H10+J10+L10+N10 -> 1007.58 | Q10: =D10-O10 -> 0 | R10: =F10-P10 -> 0
A11: =A10+0.01 -> 1.05 | B11: Кран шаровый под приварку, Ду125 LD | C11: шт. | D11: 2 | E11: 8308.19 | F11: =D11*E11 -> 16616.38 | G11: 2 | H11: =G11*E11 -> 16616.38 | J11: =I11*E11 -> 0 | L11: =K11*E11 -> 0 | O11: =G11+I11+K11+M11 -> 2 | P11: =H11+J11+L11+N11 -> 16616.38 | Q11: =D11-O11 -> 0 | R11: =F11-P11 -> 0
A12: =A11+0.01 -> 1.06 | B12: Кран шаровый под приварку, Ду125 LD | C12: шт. | D12: 2 | E12: 43221.8 | F12: =D12*E12 -> 86443.6 | G12: 2 | H12: =G12*E12 -> 86443.6 | J12: =I12*E12 -> 0 | L12: =K12*E12 -> 0 | O12: =G12+I12+K12+M12 -> 2 | P12: =H12+J12+L12+N12 -> 86443.6 | Q12: =D12-O12 -> 0 | R12: =F12-P12 -> 0
A13: =A12+0.01 -> 1.07 | B13: Грязевик, Ду125 | C13: шт. | D13: 1 | E13: 2921.11 | F13: =D13*E13 -> 2921.11 | G13: 1 | H13: =G13*E13 -> 2921.11 | J13: =I13*E13 -> 0 | L13: =K13*E13 -> 0 | O13: =G13+I13+K13+M13 -> 1 | P13: =H13+J13+L13+N13 -> 2921.11 | Q13: =D13-O13 -> 0 | R13: =F13-P13 -> 0
A14: =A13+0.01 -> 1.08 | B14: Фильтр, Ду125 F12516M | C14: шт. | D14: 2 | E14: 13938.34 | F14: =D14*E14 -> 27876.68 | G14: 2 | H14: =G14*E14 -> 27876.68 | J14: =I14*E14 -> 0 | L14: =K14*E14 -> 0 | O14: =G14+I14+K14+M14 -> 2 | P14: =H14+J14+L14+N14 -> 27876.68 | Q14: =D14-O14 -> 0 | R14: =F14-P14 -> 0
A15: =A14+0.01 -> 1.09 | B15: Кран шаровый под приварку, Ду40 LD | C15: шт. | D15: 2 | E15: 1510.79 | F15: =D15*E15 -> 3021.58 | G15: 2 | H15: =G15*E15 -> 3021.58 | J15: =I15*E15 -> 0 | L15: =K15*E15 -> 0 | O15: =G15+I15+K15+M15 -> 2 | P15: =H15+J15+L15+N15 -> 3021.58 | Q15: =D15-O15 -> 0 | R15: =F15-P15 -> 0
B16: КИП | J16: =I16*E16 -> 0 | L16: =K16*E16 -> 0
A17: =A15+0.01 -> 1.1 | B17: Манометр Ру=1,6 МПа d-100мм М20х1.5, "ROSMA" | C17: шт. | D17: 3 | E17: 307.38 | F17: =D17*E17 -> 922.14 | H17: =G17*E17 -> 0 | I17: 3 | J17: =I17*E17 -> 922.14 | L17: =K17*E17 -> 0 | O17: =G17+I17+K17+M17 -> 3 | P17: =H17+J17+L17+N17 -> 922.14 | Q17: =D17-O17 -> 0 | R17: =F17-P17 -> 0
A18: =A17+0.01 -> 1.11 | B18: Манометр Ру=1,6 МПа d-100мм М20х1.5, "ROSMA" | C18: шт. | D18: 2 | E18: 307.38 | F18: =D18*E18 -> 614.76 | H18: =G18*E18 -> 0 | I18: 2 | J18: =I18*E18 -> 614.76 | L18: =K18*E18 -> 0 | O18: =G18+I18+K18+M18 -> 2 | P18: =H18+J18+L18+N18 -> 614.76 | Q18: =D18-O18 -> 0 | R18: =F18-P18 -> 0
A19: =A18+0.01 -> 1.12 | B19: Импульсная трубка, Danfoss | C19: шт. | D19: 2 | E19: 3874.76 | F19: =D19*E19 -> 7749.52 | H19: =G19*E19 -> 0 | I19: 2 | J19: =I19*E19 -> 7749.52 | L19: =K19*E19 -> 0 | O19: =G19+I19+K19+M19 -> 2 | P19: =H19+J19+L19+N19 -> 7749.52 | Q19: =D19-O19 -> 0 | R19: =F19-P19 -> 0
A20: =A19+0.01 -> 1.13 | B20: Трубка Перкинса | C20: шт. | D20: 4 | E20: 529.2 | F20: =D20*E20 -> 2116.8 | H20: =G20*E20 -> 0 | I20: 4 | J20: =I20*E20 -> 2116.8 | L20: =K20*E20 -> 0 | O20: =G20+I20+K20+M20 -> 4 | P20: =H20+J20+L20+N20 -> 2116.8 | Q20: =D20-O20 -> 0 | R20: =F20-P20 -> 0
A21: =A20+0.01 -> 1.14 | B21: Кран трехходовой для манометра, Ру=1,6 Мпа, Ду=15 мм | C21: шт. | D21: 7 | E21: 306 | F21: =D21*E21 -> 2142 | H21: =G21*E21 -> 0 | I21: 7 | J21: =I21*E21 -> 2142 | L21: =K21*E21 -> 0 | O21: =G21+I21+K21+M21 -> 7 | P21: =H21+J21+L21+N21 -> 2142 | Q21: =D21-O21 -> 0 | R21: =F21-P21 -> 0
A22: 2 | B22: Узел учета | J22: =I22*E22 -> 0 | L22: =K22*E22 -> 0
A23: =A22+0.01 -> 2.01 | B23: Тепловычислитель СПТ 941.2 (+ блок питания) | C23: шт. | D23: 1 | E23: 17818.87 | F23: =D23*E23 -> 17818.87 | H23: =G23*E23 -> 0 | I23: 1 | J23: =I23*E23 -> 17818.87 | L23: =K23*E23 -> 0 | O23: =G23+I23+K23+M23 -> 1 | P23: =H23+J23+L23+N23 -> 17818.87 | Q23: =D23-O23 -> 0 | R23: =F23-P23 -> 0
A24: =A23+0.01 -> 2.02 | B24: Преобразователь расхода ПРЭМ Ду80, кл. D, сэндвич | C24: шт. | D24: 2 | E24: 31063.98 | F24: =D24*E24 -> 62127.96 | H24: =G24*E24 -> 0 | I24: 2 | J24: =I24*E24 -> 62127.96 | L24: =K24*E24 -> 0 | O24: =G24+I24+K24+M24 -> 2 | P24: =H24+J24+L24+N24 -> 62127.96 | Q24: =D24-O24 -> 0 | R24: =F24-P24 -> 0
A25: =A24+0.01 -> 2.03 | B25: Счетчик гор. воды с имп. вых. СВГДи Ду20 | C25: шт. | D25: 1 | E25: 4011.14 | F25: =D25*E25 -> 4011.14 | H25: =G25*E25 -> 0 | I25: 1 | J25: =I25*E25 -> 4011.14 | L25: =K25*E25 -> 0 | O25: =G25+I25+K25+M25 -> 1 | P25: =H25+J25+L25+N25 -> 4011.14 | Q25: =D25-O25 -> 0 | R25: =F25-P25 -> 0
A26: =A25+0.01 -> 2.04 | B26: Кран шаровый под приварку, Ду25 LD | C26: шт. | D26: 2 | E26: 1070.05 | F26: =D26*E26 -> 2140.1 | H26: =G26*E26 -> 0 | I26: 2 | J26: =I26*E26 -> 2140.1 | L26: =K26*E26 -> 0 | O26: =G26+I26+K26+M26 -> 2 | P26: =H26+J26+L26+N26 -> 2140.1 | Q26: =D26-O26 -> 0 | R26: =F26-P26 -> 0
A27: =A26+0.01 -> 2.05 | B27: Кран шаровый муфтовый Ду15 (1/2") Вр-Вр MVI | C27: шт. | D27: 1 | E27: 176.65 | F27: =D27*E27 -> 176.65 | H27: =G27*E27 -> 0 | I27: 1 | J27: =I27*E27 -> 176.65 | L27: =K27*E27 -> 0 | O27: =G27+I27+K27+M27 -> 1 | P27: =H27+J27+L27+N27 -> 176.65 | Q27: =D27-O27 -> 0 | R27: =F27-P27 -> 0
A28: =A27+0.01 -> 2.06 | B28: Кран шаровый муфтовый Ду25 (1") Вр-Вр MVI | C28: шт. | D28: 2 | E28: 581.23 | F28: =D28*E28 -> 1162.46 | H28: =G28*E28 -> 0 | I28: 2 | J28: =I28*E28 -> 1162.46 | L28: =K28*E28 -> 0 | O28: =G28+I28+K28+M28 -> 2 | P28: =H28+J28+L28+N28 -> 1162.46 | Q28: =D28-O28 -> 0 | R28: =F28-P28 -> 0
A29: =A28+0.01 -> 2.07 | B29: Фильтр Ду25 (1") Вр-Вр, MVI | C29: шт. | D29: 1 | E29: 557.7 | F29: =D29*E29 -> 557.7 | H29: =G29*E29 -> 0 | I29: 1 | J29: =I29*E29 -> 557.7 | L29: =K29*E29 -> 0 | O29: =G29+I29+K29+M29 -> 1 | P29: =H29+J29+L29+N29 -> 557.7 | Q29: =D29-O29 -> 0 | R29: =F29-P29 -> 0
A30: =A29+0.01 -> 2.08 | B30: Монтажный комплект Ду80 | C30: шт. | D30: 2 | E30: 1392.95 | F30: =D30*E30 -> 2785.9 | H30: =G30*E30 -> 0 | I30: 2 | J30: =I30*E30 -> 2785.9 | L30: =K30*E30 -> 0 | O30: =G30+I30+K30+M30 -> 2 | P30: =H30+J30+L30+N30 -> 2785.9 | Q30: =D30-O30 -> 0 | R30: =F30-P30 -> 0
A31: =A30+0.01 -> 2.09 | B31: Монтажная вставка Ду80 | C31: шт. | D31: 2 | E31: 2779.59 | F31: =D31*E31 -> 5559.18 | H31: =G31*E31 -> 0 | I31: 2 | J31: =I31*E31 -> 5559.18 | L31: =K31*E31 -> 0 | O31: =G31+I31+K31+M31 -> 2 | P31: =H31+J31+L31+N31 -> 5559.18 | Q31: =D31-O31 -> 0 | R31: =F31-P31 -> 0
B32: КИП | J32: =I32*E32 -> 0 | L32: =K32*E32 -> 0
A33: =A31+0.01 -> 2.1 | B33: Датчик температуры КТСП (Комплект термометров КТПТР-01-1-100П-А4-120) | C33: шт. | D33: 1 | E33: 2310.24 | F33: =D33*E33 -> 2310.24 | H33: =G33*E33 -> 0 | I33: 1 | J33: =I33*E33 -> 2310.24 | L33: =K33*E33 -> 0 | O33: =G33+I33+K33+M33 -> 1 | P33: =H33+J33+L33+N33 -> 2310.24 | Q33: =D33-O33 -> 0 | R33: =F33-P33 -> 0
A34: =A33+0.01 -> 2.11 | B34: Гильза для датчика температуры L120 резьба внутр. и наруж. М20х1,5 | C34: шт. | D34: 2 | E34: 489.56 | F34: =D34*E34 -> 979.12 | H34: =G34*E34 -> 0 | I34: 2 | J34: =I34*E34 -> 979.12 | L34: =K34*E34 -> 0 | O34: =G34+I34+K34+M34 -> 2 | P34: =H34+J34+L34+N34 -> 979.12 | Q34: =D34-O34 -> 0 | R34: =F34-P34 -> 0
A35: =A34+0.01 -> 2.12 | B35: Термометр биметалличсеский | C35: шт. | D35: 1 | E35: 419 | F35: =D35*E35 -> 419 | H35: =G35*E35 -> 0 | I35: 1 | J35: =I35*E35 -> 419 | L35: =K35*E35 -> 0 | O35: =G35+I35+K35+M35 -> 1 | P35: =H35+J35+L35+N35 -> 419 | Q35: =D35-O35 -> 0 | R35: =F35-P35 -> 0
A36: =A35+0.01 -> 2.13 | B36: Термометр биметалличсеский | C36: шт. | D36: 1 | E36: 419 | F36: =D36*E36 -> 419 | H36: =G36*E36 -> 0 | I36: 1 | J36: =I36*E36 -> 419 | L36: =K36*E36 -> 0 | O36: =G36+I36+K36+M36 -> 1 | P36: =H36+J36+L36+N36 -> 419 | Q36: =D36-O36 -> 0 | R36: =F36-P36 -> 0
A37: =A36+0.01 -> 2.14 | B37: Манометр Ру=1,6 МПа d-100мм М20х1.5, "ROSMA" | C37: шт. | D37: 2 | E37: 307.38 | F37: =D37*E37 -> 614.76 | H37: =G37*E37 -> 0 | I37: 2 | J37: =I37*E37 -> 614.76 | L37: =K37*E37 -> 0 | O37: =G37+I37+K37+M37 -> 2 | P37: =H37+J37+L37+N37 -> 614.76 | Q37: =D37-O37 -> 0 | R37: =F37-P37 -> 0
A38: =A37+0.01 -> 2.15 | B38: Манометр Ру=1,6 МПа d-100мм М20х1.5, "ROSMA" | C38: шт. | D38: 4 | E38: 307.38 | F38: =D38*E38 -> 1229.52 | H38: =G38*E38 -> 0 | I38: 4 | J38: =I38*E38 -> 1229.52 | L38: =K38*E38 -> 0 | O38: =G38+I38+K38+M38 -> 4 | P38: =H38+J38+L38+N38 -> 1229.52 | Q38: =D38-O38 -> 0 | R38: =F38-P38 -> 0
A39: =A38+0.01 -> 2.16 | B39: Датчик давления СДВ-И-2,5-1,6-1,0М(1,6)-4-20мА-DA422-0605-3 с блоком питания 10ВР220-24Д | C39: шт. | D39: 1 | E39: 3899.37 | F39: =D39*E39 -> 3899.37 | H39: =G39*E39 -> 0 | I39: 1 | J39: =I39*E39 -> 3899.37 | L39: =K39*E39 -> 0 | O39: =G39+I39+K39+M39 -> 1 | P39: =H39+J39+L39+N39 -> 3899.37 | Q39: =D39-O39 -> 0 | R39: =F39-P39 -> 0
A40: =A39+0.01 -> 2.17 | B40: Бобышка приварная L35 мм М20х1,5 прямая | C40: шт. | D40: 2 | E40: 108.16 | F40: =D40*E40 -> 216.32 | H40: =G40*E40 -> 0 | I40: 2 | J40: =I40*E40 -> 216.32 | L40: =K40*E40 -> 0 | O40: =G40+I40+K40+M40 -> 2 | P40: =H40+J40+L40+N40 -> 216.32 | Q40: =D40-O40 -> 0 | R40: =F40-P40 -> 0
A41: =A40+0.01 -> 2.18 | B41: Переходник датчика давления (Резьба Ду15) | C41: шт. | D41: 2 | E41: 17.08 | F41: =D41*E41 -> 34.16 | H41: =G41*E41 -> 0 | I41: 2 | J41: =I41*E41 -> 34.16 | L41: =K41*E41 -> 0 | O41: =G41+I41+K41+M41 -> 2 | P41: =H41+J41+L41+N41 -> 34.16 | Q41: =D41-O41 -> 0 | R41: =F41-P41 -> 0
A42: =A41+0.01 -> 2.19 | B42: Датчик давления СДВ-И-2,5-1,6-1,0М(1,6)-4-20мА-DA422-0605-3 с блоком питания 10ВР220-24Д | C42: шт. | D42: 1 | E42: 3899.37 | F42: =D42*E42 -> 3899.37 | H42: =G42*E42 -> 0 | I42: 1 | J42: =I42*E42 -> 3899.37 | L42: =K42*E42 -> 0 | O42: =G42+I42+K42+M42 -> 1 | P42: =H42+J42+L42+N42 -> 3899.37 | Q42: =D42-O42 -> 0 | R42: =F42-P42 -> 0
A43: =A42+0.01 -> 2.2 | B43: Трубка Перкинса | C43: шт. | D43: 4 | E43: 529.2 | F43: =D43*E43 -> 2116.8 | H43: =G43*E43 -> 0 | I43: 4 | J43: =I43*E43 -> 2116.8 | L43: =K43*E43 -> 0 | O43: =G43+I43+K43+M43 -> 4 | P43: =H43+J43+L43+N43 -> 2116.8 | Q43: =D43-O43 -> 0 | R43: =F43-P43 -> 0
A44: =A43+0.01 -> 2.21 | B44: Кран трехходовой для манометра, Ру=1,6 Мпа, Ду=15 мм | C44: шт. | D44: 8 | E44: 306 | F44: =D44*E44 -> 2448 | H44: =G44*E44 -> 0 | I44: 8 | J44: =I44*E44 -> 2448 | L44: =K44*E44 -> 0 | O44: =G44+I44+K44+M44 -> 8 | P44: =H44+J44+L44+N44 -> 2448 | Q44: =D44-O44 -> 0 | R44: =F44-P44 -> 0
A45: 3 | B45: Узел учета (\не жилое) | J45: =I45*E45 -> 0 | L45: =K45*E45 -> 0
A46: =A45+0.01 -> 3.01 | B46: Тепловычислитель СПТ 941.2 (+ блок питания) | C46: шт. | D46: 1 | E46: 17818.87 | F46: =D46*E46 -> 17818.87 | H46: =G46*E46 -> 0 | I46: 1 | J46: =I46*E46 -> 17818.87 | L46: =K46*E46 -> 0 | O46: =G46+I46+K46+M46 -> 1 | P46: =H46+J46+L46+N46 -> 17818.87 | Q46: =D46-O46 -> 0 | R46: =F46-P46 -> 0
A47: =A46+0.01 -> 3.02 | B47: Преобразователь расхода ПРЭМ Ду32, кл. D, сэндвич | C47: шт. | D47: 2 | E47: 21971.22 | F47: =D47*E47 -> 43942.44 | H47: =G47*E47 -> 0 | I47: 2 | J47: =I47*E47 -> 43942.44 | L47: =K47*E47 -> 0 | O47: =G47+I47+K47+M47 -> 2 | P47: =H47+J47+L47+N47 -> 43942.44 | Q47: =D47-O47 -> 0 | R47: =F47-P47 -> 0
A48: =A47+0.01 -> 3.03 | B48: Счетчик гор. воды с имп. вых. СВГДи Ду20 | C48: шт. | D48: 1 | E48: 4011.14 | F48: =D48*E48 -> 4011.14 | H48: =G48*E48 -> 0 | I48: 1 | J48: =I48*E48 -> 4011.14 | L48: =K48*E48 -> 0 | O48: =G48+I48+K48+M48 -> 1 | P48: =H48+J48+L48+N48 -> 4011.14 | Q48: =D48-O48 -> 0 | R48: =F48-P48 -> 0
A49: =A48+0.01 -> 3.04 | B49: Кран шаровый под приварку, Ду25 LD | C49: шт. | D49: 2 | E49: 3667.27 | F49: =D49*E49 -> 7334.54 | H49: =G49*E49 -> 0 | I49: 2 | J49: =I49*E49 -> 7334.54 | L49: =K49*E49 -> 0 | O49: =G49+I49+K49+M49 -> 2 | P49: =H49+J49+L49+N49 -> 7334.54 | Q49: =D49-O49 -> 0 | R49: =F49-P49 -> 0
A50: =A49+0.01 -> 3.05 | B50: Кран шаровый муфтовый Ду15 (1/2") Вр-Вр MVI | C50: шт. | D50: 1 | E50: 176.65 | F50: =D50*E50 -> 176.65 | H50: =G50*E50 -> 0 | I50: 1 | J50: =I50*E50 -> 176.65 | L50: =K50*E50 -> 0 | O50: =G50+I50+K50+M50 -> 1 | P50: =H50+J50+L50+N50 -> 176.65 | Q50: =D50-O50 -> 0 | R50: =F50-P50 -> 0
A51: =A50+0.01 -> 3.06 | B51: Кран шаровый муфтовый Ду25 (1") Вр-Вр MVI | C51: шт. | D51: 2 | E51: 581.23 | F51: =D51*E51 -> 1162.46 | H51: =G51*E51 -> 0 | I51: 2 | J51: =I51*E51 -> 1162.46 | L51: =K51*E51 -> 0 | O51: =G51+I51+K51+M51 -> 2 | P51: =H51+J51+L51+N51 -> 1162.46 | Q51: =D51-O51 -> 0 | R51: =F51-P51 -> 0
A52: =A51+0.01 -> 3.07 | B52: Фильтр Ду25 (1") Вр-Вр, MVI | C52: шт. | D52: 1 | E52: 557.7 | F52: =D52*E52 -> 557.7 | H52: =G52*E52 -> 0 | I52: 1 | J52: =I52*E52 -> 557.7 | L52: =K52*E52 -> 0 | O52: =G52+I52+K52+M52 -> 1 | P52: =H52+J52+L52+N52 -> 557.7 | Q52: =D52-O52 -> 0 | R52: =F52-P52 -> 0
A53: =A52+0.01 -> 3.08 | B53: Монтажный комплект Ду32 | C53: шт. | D53: 2 | E53: 904.79 | F53: =D53*E53 -> 1809.58 | H53: =G53*E53 -> 0 | I53: 2 | J53: =I53*E53 -> 1809.58 | L53: =K53*E53 -> 0 | O53: =G53+I53+K53+M53 -> 2 | P53: =H53+J53+L53+N53 -> 1809.58 | Q53: =D53-O53 -> 0 | R53: =F53-P53 -> 0
A54: =A53+0.01 -> 3.09 | B54: Монтажная вставка Ду32 | C54: шт. | D54: 2 | E54: 1388.74 | F54: =D54*E54 -> 2777.48 | H54: =G54*E54 -> 0 | I54: 2 | J54: =I54*E54 -> 2777.48 | L54: =K54*E54 -> 0 | O54: =G54+I54+K54+M54 -> 2 | P54: =H54+J54+L54+N54 -> 2777.48 | Q54: =D54-O54 -> 0 | R54: =F54-P54 -> 0
A55: =A54+0.01 -> 3.1 | B55: Фильтр сетчатый фланцевый, Ду40 ADL | C55: шт. | D55: 2 | E55: 3530.04 | F55: =D55*E55 -> 7060.08 | H55: =G55*E55 -> 0 | I55: 2 | J55: =I55*E55 -> 7060.08 | L55: =K55*E55 -> 0 | O55: =G55+I55+K55+M55 -> 2 | P55: =H55+J55+L55+N55 -> 7060.08 | Q55: =D55-O55 -> 0 | R55: =F55-P55 -> 0
B56: КИП | J56: =I56*E56 -> 0 | L56: =K56*E56 -> 0
A57: =A55+0.01 -> 3.11 | B57: Датчик температуры КТСП (Комплект термометров КТПТР-01-1-100П-А4-120) | C57: шт. | D57: 1 | E57: 2310.24 | F57: =D57*E57 -> 2310.24 | H57: =G57*E57 -> 0 | I57: 1 | J57: =I57*E57 -> 2310.24 | L57: =K57*E57 -> 0 | O57: =G57+I57+K57+M57 -> 1 | P57: =H57+J57+L57+N57 -> 2310.24 | Q57: =D57-O57 -> 0 | R57: =F57-P57 -> 0
A58: =A57+0.01 -> 3.12 | B58: Гильза для датчика температуры L120 резьба внутр. и наруж. М20х1,5 | C58: шт. | D58: 2 | E58: 489.56 | F58: =D58*E58 -> 979.12 | H58: =G58*E58 -> 0 | I58: 2 | J58: =I58*E58 -> 979.12 | L58: =K58*E58 -> 0 | O58: =G58+I58+K58+M58 -> 2 | P58: =H58+J58+L58+N58 -> 979.12 | Q58: =D58-O58 -> 0 | R58: =F58-P58 -> 0
A59: =A58+0.01 -> 3.13 | B59: Термометр биметалличсеский | C59: шт. | D59: 1 | E59: 419 | F59: =D59*E59 -> 419 | H59: =G59*E59 -> 0 | I59: 1 | J59: =I59*E59 -> 419 | L59: =K59*E59 -> 0 | O59: =G59+I59+K59+M59 -> 1 | P59: =H59+J59+L59+N59 -> 419 | Q59: =D59-O59 -> 0 | R59: =F59-P59 -> 0
A60: =A59+0.01 -> 3.14 | B60: Термометр биметалличсеский | C60: шт. | D60: 1 | E60: 419 | F60: =D60*E60 -> 419 | H60: =G60*E60 -> 0 | I60: 1 | J60: =I60*E60 -> 419 | L60: =K60*E60 -> 0 | O60: =G60+I60+K60+M60 -> 1 | P60: =H60+J60+L60+N60 -> 419 | Q60: =D60-O60 -> 0 | R60: =F60-P60 -> 0
A61: =A60+0.01 -> 3.15 | B61: Манометр Ру=1,6 МПа d-100мм М20х1.5, "ROSMA" | C61: шт. | D61: 3 | E61: 307.38 | F61: =D61*E61 -> 922.14 | H61: =G61*E61 -> 0 | I61: 3 | J61: =I61*E61 -> 922.14 | L61: =K61*E61 -> 0 | O61: =G61+I61+K61+M61 -> 3 | P61: =H61+J61+L61+N61 -> 922.14 | Q61: =D61-O61 -> 0 | R61: =F61-P61 -> 0
A62: =A61+0.01 -> 3.16 | B62: Манометр Ру=1,6 МПа d-100мм М20х1.5, "ROSMA" | C62: шт. | D62: 5 | E62: 307.38 | F62: =D62*E62 -> 1536.9 | H62: =G62*E62 -> 0 | I62: 5 | J62: =I62*E62 -> 1536.9 | L62: =K62*E62 -> 0 | O62: =G62+I62+K62+M62 -> 5 | P62: =H62+J62+L62+N62 -> 1536.9 | Q62: =D62-O62 -> 0 | R62: =F62-P62 -> 0
A63: =A62+0.01 -> 3.17 | B63: Датчик давления СДВ-И-2,5-1,6-1,0М(1,6)-4-20мА-DA422-0605-3 с блоком питания 10ВР220-24Д | C63: шт. | D63: 1 | E63: 3899.37 | F63: =D63*E63 -> 3899.37 | H63: =G63*E63 -> 0 | I63: 1 | J63: =I63*E63 -> 3899.37 | L63: =K63*E63 -> 0 | O63: =G63+I63+K63+M63 -> 1 | P63: =H63+J63+L63+N63 -> 3899.37 | Q63: =D63-O63 -> 0 | R63: =F63-P63 -> 0
A64: =A63+0.01 -> 3.18 | B64: Бобышка приварная L35 мм М20х1,5 прямая | C64: шт. | D64: 2 | E64: 108.16 | F64: =D64*E64 -> 216.32 | H64: =G64*E64 -> 0 | I64: 2 | J64: =I64*E64 -> 216.32 | L64: =K64*E64 -> 0 | O64: =G64+I64+K64+M64 -> 2 | P64: =H64+J64+L64+N64 -> 216.32 | Q64: =D64-O64 -> 0 | R64: =F64-P64 -> 0
A65: =A64+0.01 -> 3.19 | B65: Переходник датчика давления (Резьба Ду15) | C65: шт. | D65: 2 | E65: 17.08 | F65: =D65*E65 -> 34.16 | H65: =G65*E65 -> 0 | I65: 2 | J65: =I65*E65 -> 34.16 | L65: =K65*E65 -> 0 | O65: =G65+I65+K65+M65 -> 2 | P65: =H65+J65+L65+N65 -> 34.16 | Q65: =D65-O65 -> 0 | R65: =F65-P65 -> 0
A66: =A65+0.01 -> 3.2 | B66: Датчик давления СДВ-И-2,5-1,6-1,0М(1,6)-4-20мА-DA422-0605-3 с блоком питания 10ВР220-24Д | C66: шт. | D66: 1 | E66: 3899.37 | F66: =D66*E66 -> 3899.37 | H66: =G66*E66 -> 0 | I66: 1 | J66: =I66*E66 -> 3899.37 | L66: =K66*E66 -> 0 | O66: =G66+I66+K66+M66 -> 1 | P66: =H66+J66+L66+N66 -> 3899.37 | Q66: =D66-O66 -> 0 | R66: =F66-P66 -> 0
A67: =A66+0.01 -> 3.21 | B67: Трубка Перкинса | C67: шт. | D67: 5 | E67: 529.2 | F67: =D67*E67 -> 2646 | H67: =G67*E67 -> 0 | I67: 5 | J67: =I67*E67 -> 2646 | L67: =K67*E67 -> 0 | O67: =G67+I67+K67+M67 -> 5 | P67: =H67+J67+L67+N67 -> 2646 | Q67: =D67-O67 -> 0 | R67: =F67-P67 -> 0
A68: =A67+0.01 -> 3.22 | B68: Кран трехходовой для манометра, Ру=1,6 Мпа, Ду=15 мм | C68: шт. | D68: 8 | E68: 306 | F68: =D68*E68 -> 2448 | H68: =G68*E68 -> 0 | I68: 8 | J68: =I68*E68 -> 2448 | L68: =K68*E68 -> 0 | O68: =G68+I68+K68+M68 -> 8 | P68: =H68+J68+L68+N68 -> 2448 | Q68: =D68-O68 -> 0 | R68: =F68-P68 -> 0
A69: 4 | B69: Отопление (Нежилая часть) | J69: =I69*E69 -> 0 | L69: =K69*E69 -> 0
A70: =A69+0.01 -> 4.01 | B70: Теплообменный аппарат НН№ 19, 39-TMTL24, Ридан | C70: шт. | D70: 2 | E70: 151666.93 | F70: =D70*E70 -> 303333.86 | H70: =G70*E70 -> 0 | I70: 2 | J70: =I70*E70 -> 303333.86 | L70: =K70*E70 -> 0 | O70: =G70+I70+K70+M70 -> 2 | P70: =H70+J70+L70+N70 -> 303333.86 | Q70: =D70-O70 -> 0 | R70: =F70-P70 -> 0
A71: =A70+0.01 -> 4.02 | B71: Насос Grundfos ТР65-150/4 | C71: шт. | D71: 2 | E71: 67022.88 | F71: =D71*E71 -> 134045.76 | H71: =G71*E71 -> 0 | I71: 2 | J71: =I71*E71 -> 134045.76 | L71: =K71*E71 -> 0 | O71: =G71+I71+K71+M71 -> 2 | P71: =H71+J71+L71+N71 -> 134045.76 | Q71: =D71-O71 -> 0 | R71: =F71-P71 -> 0
A72: =A71+0.01 -> 4.03 | B72: Насос Grundfos CM3-8 | C72: шт. | D72: 2 | E72: 34132.91 | F72: =D72*E72 -> 68265.82 | H72: =G72*E72 -> 0 | I72: 2 | J72: =I72*E72 -> 68265.82 | L72: =K72*E72 -> 0 | O72: =G72+I72+K72+M72 -> 2 | P72: =H72+J72+L72+N72 -> 68265.82 | Q72: =D72-O72 -> 0 | R72: =F72-P72 -> 0
A73: =A72+0.01 -> 4.04 | B73: Насос MHIL 506 Зф, 2,2 кВт, 4,5 А Wilo | C73: шт. | D73: 1 | E73: 28049.76 | F73: =D73*E73 -> 28049.76 | H73: =G73*E73 -> 0 | I73: 1 | J73: =I73*E73 -> 28049.76 | L73: =K73*E73 -> 0 | O73: =G73+I73+K73+M73 -> 1 | P73: =H73+J73+L73+N73 -> 28049.76 | Q73: =D73-O73 -> 0 | R73: =F73-P73 -> 0
A74: =A73+0.01 -> 4.05 | B74: Вибровставка ф/ф, Ду100 | C74: шт. | D74: 4 | E74: 4519.07 | F74: =D74*E74 -> 18076.28 | H74: =G74*E74 -> 0 | I74: 4 | J74: =I74*E74 -> 18076.28 | L74: =K74*E74 -> 0 | O74: =G74+I74+K74+M74 -> 4 | P74: =H74+J74+L74+N74 -> 18076.28 | Q74: =D74-O74 -> 0 | R74: =F74-P74 -> 0
A75: =A74+0.01 -> 4.06 | B75: Регулирующий клапан двухходовой Ду40 с эл. приводом Danfoss | C75: шт. | D75: 1 | E75: 40343.4 | F75: =D75*E75 -> 40343.4 | H75: =G75*E75 -> 0 | I75: 1 | J75: =I75*E75 -> 40343.4 | L75: =K75*E75 -> 0 | O75: =G75+I75+K75+M75 -> 1 | P75: =H75+J75+L75+N75 -> 40343.4 | Q75: =D75-O75 -> 0 | R75: =F75-P75 -> 0
A76: =A75+0.01 -> 4.07 | B76: Клапан соленоидный EV220B Ду15 НЗ с эл.магн. катушкой, Danfoss | C76: шт. | D76: 1 | E76: 7986.6 | F76: =D76*E76 -> 7986.6 | H76: =G76*E76 -> 0 | I76: 1 | J76: =I76*E76 -> 7986.6 | L76: =K76*E76 -> 0 | O76: =G76+I76+K76+M76 -> 1 | P76: =H76+J76+L76+N76 -> 7986.6 | Q76: =D76-O76 -> 0 | R76: =F76-P76 -> 0
A77: =A76+0.01 -> 4.08 | B77: Кран шаровый регулирующий приварной, Ду100, LD Regula | C77: шт. | D77: 1 | E77: 13176.56 | F77: =D77*E77 -> 13176.56 | H77: =G77*E77 -> 0 | I77: 1 | J77: =I77*E77 -> 13176.56 | L77: =K77*E77 -> 0 | O77: =G77+I77+K77+M77 -> 1 | P77: =H77+J77+L77+N77 -> 13176.56 | Q77: =D77-O77 -> 0 | R77: =F77-P77 -> 0
A78: =A77+0.01 -> 4.09 | B78: Кран шаровый под приварку, Ду65 LD | C78: шт. | D78: 6 | E78: 2517.22 | F78: =D78*E78 -> 15103.32 | H78: =G78*E78 -> 0 | I78: 6 | J78: =I78*E78 -> 15103.32 | L78: =K78*E78 -> 0 | O78: =G78+I78+K78+M78 -> 6 | P78: =H78+J78+L78+N78 -> 15103.32 | Q78: =D78-O78 -> 0 | R78: =F78-P78 -> 0
A79: =A78+0.01 -> 4.1 | B79: Кран шаровый под приварку, Ду25 LD | C79: шт. | D79: 4 | E79: 1070.05 | F79: =D79*E79 -> 4280.2 | H79: =G79*E79 -> 0 | I79: 4 | J79: =I79*E79 -> 4280.2 | L79: =K79*E79 -> 0 | O79: =G79+I79+K79+M79 -> 4 | P79: =H79+J79+L79+N79 -> 4280.2 | Q79: =D79-O79 -> 0 | R79: =F79-P79 -> 0
A80: =A79+0.01 -> 4.11 | B80: Кран шаровый муфтовый Ду15 (1/2") Вр-Вр MVI | C80: шт. | D80: 7 | E80: 176.65 | F80: =D80*E80 -> 1236.55 | H80: =G80*E80 -> 0 | I80: 7 | J80: =I80*E80 -> 1236.55 | L80: =K80*E80 -> 0 | O80: =G80+I80+K80+M80 -> 7 | P80: =H80+J80+L80+N80 -> 1236.55 | Q80: =D80-O80 -> 0 | R80: =F80-P80 -> 0
A81: =A80+0.01 -> 4.12 | B81: Кран шаровый муфтовый Ду25 (1") Вр-Вр MVI | C81: шт. | D81: 10 | E81: 581.23 | F81: =D81*E81 -> 5812.3 | H81: =G81*E81 -> 0 | I81: 10 | J81: =I81*E81 -> 5812.3 | L81: =K81*E81 -> 0 | O81: =G81+I81+K81+M81 -> 10 | P81: =H81+J81+L81+N81 -> 5812.3 | Q81: =D81-O81 -> 0 | R81: =F81-P81 -> 0
... A89: =A88+0.01 -> 4.2 | B89: Бак расширительный 750л, Flexcon R 800 3/10 бар | C89: шт. | D89: 1 | E89: 63340.19 | F89: =D89*E89 -> 63340.19 | H89: =G89*E89 -> 0 | I89: 1 | J89: =I89*E89 -> 63340.19 | L89: =K89*E89 -> 0 | O89: =G89+I89+K89+M89 -> 1 | P89: =H89+J89+L89+N89 -> 63340.19 | Q89: =D89-O89 -> 0 | R89: =F89-P89 -> 0
B90: КИП | J90: =I90*E90 -> 0 | L90: =K90*E90 -> 0
A91: =A89+0.01 -> 4.21 | B91: Датчик температуры погружной ESMU, Danfoss | C91: шт. | D91: 2 | E91: 14307 | F91: =D91*E91 -> 28614 | H91: =G91*E91 -> 0 | I91: 2 | J91: =I91*E91 -> 28614 | L91: =K91*E91 -> 0 | O91: =G91+I91+K91+M91 -> 2 | P91: =H91+J91+L91+N91 -> 28614 | Q91: =D91-O91 -> 0 | R91: =F91-P91 -> 0
A92: =A91+0.01 -> 4.22 | B92: Гильза для датчика температуры, Danfoss | C92: шт. | D92: 2 | E92: 5014.8 | F92: =D92*E92 -> 10029.6 | H92: =G92*E92 -> 0 | I92: 2 | J92: =I92*E92 -> 10029.6 | L92: =K92*E92 -> 0 | O92: =G92+I92+K92+M92 -> 2 | P92: =H92+J92+L92+N92 -> 10029.6 | Q92: =D92-O92 -> 0 | R92: =F92-P92 -> 0
A93: =A92+0.01 -> 4.23 | B93: Термометр биметалличсеский | C93: шт. | D93: 8 | E93: 419 | F93: =D93*E93 -> 3352 | H93: =G93*E93 -> 0 | I93: 8 | J93: =I93*E93 -> 3352 | L93: =K93*E93 -> 0 | O93: =G93+I93+K93+M93 -> 8 | P93: =H93+J93+L93+N93 -> 3352 | Q93: =D93-O93 -> 0 | R93: =F93-P93 -> 0
A94: =A93+0.01 -> 4.24 | B94: Термометр биметалличсеский | C94: шт. | D94: 2 | E94: 419 | F94: =D94*E94 -> 838 | H94: =G94*E94 -> 0 | I94: 2 | J94: =I94*E94 -> 838 | L94: =K94*E94 -> 0 | O94: =G94+I94+K94+M94 -> 2 | P94: =H94+J94+L94+N94 -> 838 | Q94: =D94-O94 -> 0 | R94: =F94-P94 -> 0
A95: =A94+0.01 -> 4.25 | B95: Реле давления KPI-35, Danfoss | C95: шт. | D95: 3 | E95: 4200 | F95: =D95*E95 -> 12600 | H95: =G95*E95 -> 0 | I95: 3 | J95: =I95*E95 -> 12600 | L95: =K95*E95 -> 0 | O95: =G95+I95+K95+M95 -> 3 | P95: =H95+J95+L95+N95 -> 12600 | Q95: =D95-O95 -> 0 | R95: =F95-P95 -> 0
A96: =A95+0.01 -> 4.26 | B96: Манометр Ру=1,6 МПа d-100мм М20х1.5, "ROSMA" | C96: шт. | D96: 7 | E96: 307.38 | F96: =D96*E96 -> 2151.66 | H96: =G96*E96 -> 0 | I96: 7 | J96: =I96*E96 -> 2151.66 | L96: =K96*E96 -> 0 | O96: =G96+I96+K96+M96 -> 7 | P96: =H96+J96+L96+N96 -> 2151.66 | Q96: =D96-O96 -> 0 | R96: =F96-P96 -> 0
A97: =A96+0.01 -> 4.27 | B97: Манометр Ру=1,6 МПа d-100мм М20х1.5, "ROSMA" | C97: шт. | D97: 17 | E97: 307.38 | F97: =D97*E97 -> 5225.46 | H97: =G97*E97 -> 0 | I97: 17 | J97: =I97*E97 -> 5225.46 | L97: =K97*E97 -> 0 | O97: =G97+I97+K97+M97 -> 17 | P97: =H97+J97+L97+N97 -> 5225.46 | Q97: =D97-O97 -> 0 | R97: =F97-P97 -> 0
A98: =A97+0.01 -> 4.28 | B98: Датчик температуры наружного воздуха ESMT, Danfoss | C98: шт. | D98: 1 | E98: 3634.2 | F98: =D98*E98 -> 3634.2 | H98: =G98*E98 -> 0 | I98: 1 | J98: =I98*E98 -> 3634.2 | L98: =K98*E98 -> 0 | O98: =G98+I98+K98+M98 -> 1 | P98: =H98+J98+L98+N98 -> 3634.2 | Q98: =D98-O98 -> 0 | R98: =F98-P98 -> 0
A99: =A98+0.01 -> 4.29 | B99: Трубка Перкинса | C99: шт. | D99: 2 | E99: 529.2 | F99: =D99*E99 -> 1058.4 | H99: =G99*E99 -> 0 | I99: 2 | J99: =I99*E99 -> 1058.4 | L99: =K99*E99 -> 0 | O99: =G99+I99+K99+M99 -> 2 | P99: =H99+J99+L99+N99 -> 1058.4 | Q99: =D99-O99 -> 0 | R99: =F99-P99 -> 0
A100: =A99+0.01 -> 4.3 | B100: Кран трехходовой для манометра, Ру=1,6 Мпа, Ду=15 мм | C100: шт. | D100: 27 | E100: 306 | F100: =D100*E100 -> 8262 | H100: =G100*E100 -> 0 | I100: 27 | J100: =I100*E100 -> 8262 | L100: =K100*E100 -> 0 | O100: =G100+I100+K100+M100 -> 27 | P100: =H100+J100+L100+N100 -> 8262 | Q100: =D100-O100 -> 0 | R100: =F100-P100 -> 0
A101: =A100+0.01 -> 4.31 | B101: ECL310 | C101: шт. | D101: 1 | E101: 49673.52 | F101: =D101*E101 -> 49673.52 | H101: =G101*E101 -> 0 | I101: 1 | J101: =I101*E101 -> 49673.52 | L101: =K101*E101 -> 0 | O101: =G101+I101+K101+M101 -> 1 | P101: =H101+J101+L101+N101 -> 49673.52 | Q101: =D101-O101 -> 0 | R101: =F101-P101 -> 0
A102: =A101+0.01 -> 4.32 | B102: ECL210 | C102: шт. | D102: 1 | E102: 31416.27 | F102: =D102*E102 -> 31416.27 | H102: =G102*E102 -> 0 | I102: 1 | J102: =I102*E102 -> 31416.27 | L102: =K102*E102 -> 0 | O102: =G102+I102+K102+M102 -> 1 | P102: =H102+J102+L102+N102 -> 31416.27 | Q102: =D102-O102 -> 0 | R102: =F102-P102 -> 0
A103: =A102+0.01 -> 4.33 | B103: A376 | C103: шт. | D103: 1 | E103: 27304.48 | F103: =D103*E103 -> 27304.48 | H103: =G103*E103 -> 0 | I103: 1 | J103: =I103*E103 -> 27304.48 | L103: =K103*E103 -> 0 | O103: =G103+I103+K103+M103 -> 1 | P103: =H103+J103+L103+N103 -> 27304.48 | Q103: =D103-O103 -> 0 | R103: =F103-P103 -> 0
... A105: =A104+0.01 -> 4.35 | B105: Клеммная панель | C105: шт. | D105: 2 | E105: 4151.84 | F105: =D105*E105 -> 8303.68 | H105: =G105*E105 -> 0 | I105: 2 | J105: =I105*E105 -> 8303.68 | L105: =K105*E105 -> 0 | O105: =G105+I105+K105+M105 -> 2 | P105: =H105+J105+L105+N105 -> 8303.68 | Q105: =D105-O105 -> 0 | R105: =F105-P105 -> 0
A106: 5 | B106: ГВС (Жилая часть 1-ая зона) | J106: =I106*E106 -> 0 | L106: =K106*E106 -> 0
A107: =A106+0.01 -> 5.01 | B107: Теплообменный аппарат НН№ 19, 18-TKTL41, Ридан | C107: шт. | D107: 1 | E107: 88230.87 | F107: =D107*E107 -> 88230.87 | H107: =G107*E107 -> 0 | I107: 1 | J107: =I107*E107 -> 88230.87 | L107: =K107*E107 -> 0 | O107: =G107+I107+K107+M107 -> 1 | P107: =H107+J107+L107+N107 -> 88230.87 | Q107: =D107-O107 -> 0 | R107: =F107-P107 -> 0
A108: =A107+0.01 -> 5.02 | B108: Теплообменный аппарат НН№ 19, 37-TL, Ридан | C108: шт. | D108: 1 | E108: 105181.71 | F108: =D108*E108 -> 105181.71 | H108: =G108*E108 -> 0 | I108: 1 | J108: =I108*E108 -> 105181.71 | L108: =K108*E108 -> 0 | O108: =G108+I108+K108+M108 -> 1 | P108: =H108+J108+L108+N108 -> 105181.71 | Q108: =D108-O108 -> 0 | R108: =F108-P108 -> 0
A109: =A108+0.01 -> 5.03 | B109: Регулирующий клапан двухходовой Ду40 с эл. приводом Danfoss | C109: шт. | D109: 1 | E109: 40343.4 | F109: =D109*E109 -> 40343.4 | H109: =G109*E109 -> 0 | I109: 1 | J109: =I109*E109 -> 40343.4 | L109: =K109*E109 -> 0 | O109: =G109+I109+K109+M109 -> 1 | P109: =H109+J109+L109+N109 -> 40343.4 | Q109: =D109-O109 -> 0 | R109: =F109-P109 -> 0
...

Sheet ИТП У
E1: Фасонные изделия | F1: клапан | K1: Фасонные изделия (резьба стальная нерж., гильза из стальной трубы, теплоизоляция Термафлекс толщ.13мм, муфта соединительная и переходная ППН ТЕВО, заглушка, тройники ППН ТЕВО в тч переходной и стальные нерж., угольник ППН ТЕВО, переходы ППН, гильза в тч из стальной трубы, Фланец стальной нерж., Отвод стальной нерж,фланец штампованный, муфты ППН, бурт под фланец, фланец стальной расточенный, фланец с раструбом, Муфта ППН комб. в тч под ключ TEBO, Бурт под фланец, сгон) | L1: %
E2: Расходные материалы | K2: Расходные материалы (Шуруп с шестигранной головкой, дюбель распорный пластиковый, Хомут для трубы стальной, Траверса монтажная, Анкер распорный лат, Шпилька оцинкованная резьбовая, Гайка оцинкованная, шайба усиленная, клей термафлекс, скотч, асбестовый шнур, электроды по нерж., диски отрезные по металлу, шайба оцинкованная резьбовая, гель сантехнический, П-образный элемент индивидуального изготовления в комплекте с креплением, грунтовка ГФ-021) | L2: %
A3: Локальный сметный расчет
A5: № | E5: Наименование | F5: Ед. | G5: Кол-во | H5: Цена | I5: Сумма | J5: Примечание
A6: 11 | E6: Внутренние инженерные сети
B7: 11.05. | E7: ИТП
C8: 11.05.01. | E8: Монтаж ИТП (разборного типа)
D9: 11.05.01.00 | E9: Монтаж ИТП (разборного типа) | I9: =I10+I14 -> 4834662.8
E10: Работа: | I10: =SUM(I11:I13) -> 1098800
E11: Монтажные работы | F11: комплекс | G11: 1 | H11: 846000 | I11: =H11*G11 -> 846000
E12: Пробивка отверстий Д 100 | F12: шт | G12: 20 | H12: 540 | I12: =H12*G12 -> 10800
E13: Электромонтажные работы | F13: комплекс | G13: 1 | H13: 242000 | I13: =H13*G13 -> 242000
E14: Материалы: | I14: =SUM(I15:I113) -> 3735862.8
E15: Регулятор перепада давления VFG 2 Ридан Ду65 | F15: шт. | G15: 1 | H15: 153424.8 | I15: =G15*H15 -> 153424.8
E16: Регулирующий блок AFP Ридан с имп. трубкой | F16: шт. | G16: 1 | H16: 87974.1 | I16: =G16*H16 -> 87974.1
E17: Регулирующий клапан двухходовой Ду40 с эл. VFM-2R+ARV-1000R | F17: шт. | G17: 3 | H17: 40343.4 | I17: =G17*H17 -> 121030.2
E18: Регулирующий (балансировочный) клапан, Ду80, Навал | F18: шт. | G18: 1 | H18: 87974.1 | I18: =G18*H18 -> 87974.1
E19: Регулирующий клапан двухходовой Ду20 с эл. приводом VFM-2R + ARV-1000R | F19: шт | G19: 2 | H19: 28448.1 | I19: =H19*G19 -> 56896.2
E20: Реле давления KPI-35, Ридан | F20: шт | G20: 4 | H20: 4200 | I20: =G20*H20 -> 16800
E21: Реле перепада давления ДР-ДД-02 | F21: шт | G21: 2 | H21: 4200 | I21: =G21*H21 -> 8400
E22: Распределительный коллектор на 2 вых. из трубы стальной Д-159х4,5, L=1,2 м | F22: шт | G22: 2 | H22: 8038.8 | I22: =G22*H22 -> 16077.6
E23: Распределительный коллектор на 2 вых. из трубы стальной Д-76х3,5, L=1,2 м | F23: шт | G23: 2 | H23: 3465 | I23: =G23*H23 -> 6930
E24: Бак расширительный 1000л, Flexcon R 1000 3/10 бар | F24: шт. | G24: 1 | H24: 88139.11 | I24: =G24*H24 -> 88139.11
E25: Бак расширительный 750л, Flexcon R 800 3/10 бар | F25: шт. | G25: 1 | H25: 63340.19 | I25: =G25*H25 -> 63340.19
E26: Бак расширительный 80л, Flexcon R 110 3/10 бар | F26: шт | G26: 1 | H26: 8618.28 | I26: =H26*G26 -> 8618.28
E27: Балансировочный клапан, Ду65, Навал | F27: шт. | G27: 1 | I27: =G27*H27 -> 0
E28: Балансировочный клапан, Ду50, Навал | F28: шт. | G28: 2 | I28: =G28*H28 -> 0
E29: Балансировочный клапан, Ду32, Навал | F29: шт. | G29: 2 | I29: =G29*H29 -> 0
E30: Клапан балансировочный, Ду25 Ридан, MVT-R | F30: шт | G30: 1 | I30: =G30*H30 -> 0
E31: Клапан балансировочный, Ду32 Ридан, MVT-R | F31: шт | G31: 1 | I31: =H31*G31 -> 0
E32: Затвор дисковый поворотный м/ф, Ду80 ADL | F32: шт. | G32: 1 | H32: 3638.48 | I32: =G32*H32 -> 3638.48
E33: Затвор дисковый поворотный м/ф, Ду100 ADL | F33: шт. | G33: 10 | H33: 3638.48 | I33: =G33*H33 -> 36384.8
E34: Кран шаровый под приварку, Ду80 LD | F34: шт. | G34: 2 | H34: 3021.58 | I34: =G34*H34 -> 6043.16
E35: Кран шаровый под приварку, Ду50 LD | F35: шт. | G35: 2 | H35: 1856.26 | I35: =G35*H35 -> 3712.52
E36: Кран шаровый стальной, Ду50 LD Стриж | F36: шт. | G36: 2 | H36: 1708 | I36: =G36*H36 -> 3416
E37: Кран шаровый стальной, Ду40 LD Стриж | F37: шт. | G37: 2 | H37: 1500 | I37: =G37*H37 -> 3000
E38: Кран шаровый под приварку, Ду32 LD | F38: шт. | G38: 12 | H38: 1384.7 | I38: =G38*H38 -> 16616.4
E39: Кран шаровый под приварку, Ду15 LD | F39: шт. | G39: 1 | H39: 1007.58 | I39: =G39*H39 -> 1007.58
E40: Кран шаровый под приварку, Ду125 LD | F40: шт. | G40: 4 | H40: 8308.19 | I40: =G40*H40 -> 33232.76
E41: Кран шаровый под приварку, Ду40 LD | F41: шт. | G41: 5 | H41: 1510.79 | I41: =G41*H41 -> 7553.95
E42: Кран шаровый под приварку, Ду25 LD | F42: шт. | G42: 26 | H42: 1070.05 | I42: =G42*H42 -> 27821.3
E43: Кран шаровый муфтовый Ду15 (1/2") Вр-Вр Valtec | F43: шт. | G43: 18 | H43: 176.65 | I43: =G43*H43 -> 3179.7
... E50: Кран шаровый под приварку, Ду100 LD | F50: шт | G50: 2 | H50: 5745.8 | I50: =G50*H50 -> 11491.6
E51: Кран шаровый муфтовый, Ду32 Вр-Вр Valtec | F51: шт | G51: 1 | I51: =G51*H51 -> 0
E52: Кран шаровый муфтовый Ду40 Вр-Вр Valtec | F52: шт | G52: 2 | I52: =G52*H52 -> 0
E53: Кран шаровый муфтовый Ду50 Вр-Вр Valtec | F53: шт | G53: 2 | I53: =G53*H53 -> 0
E54: Кран шаровый муфтовый Ду25 Вр-Вр Valtec | F54: шт | G54: 7 | I54: =H54*G54 -> 0
E55: Кран шаровый муфтовый, Ду 40 Вр-Вр, Valtec | F55: шт | G55: 2 | I55: =H55*G55 -> 0
E56: Кран шаровый муфтовый, Ду50 (2") Вр-Вр, Valtec | F56: шт | G56: 9 | H56: 2229.02 | I56: =H56*G56 -> 20061.18
E57: Датчик температуры погружной МВТ 525 OR, Ридан | F57: шт | G57: 7 | H57: 14307 | I57: =H57*G57 -> 100149
E58: Гильза для датчика температуры, Ридан | F58: шт | G58: 10 | H58: 5014.8 | I58: =H58*G58 -> 50148
E59: Термометр биметалличсеский 0 - 120 Росма | F59: шт | G59: 8 | H59: 419 | I59: =H59*G59 -> 3352
E60: Термометр биметалличсеский БТ-51,211 0-120 | F60: шт | G60: 30 | H60: 419 | I60: =G60*H60 -> 12570
E61: Термометр биметалличсеский БТ-51,211 0-160 | F61: шт | G61: 6 | H61: 419 | I61: =G61*H61 -> 2514
E62: Термометр биметалличсеский | F62: шт. | G62: 12 | H62: 419 | I62: =G62*H62 -> 5028
E63: Манометр Ру=1,6 МПа d-100мм М20х1.5, "ROSMA" | F63: шт | G63: 97 | H63: 307.38 | I63: =H63*G63 -> 29815.86
E64: Трубка Перкинса | F64: шт | G64: 82 | H64: 529.2 | I64: =G64*H64 -> 43394.4
E65: Датчик температуры КТСП (Комплект термометров КТПТР-01-1-100П-А4-120) | F65: шт. | G65: 2 | H65: 2310.24 | I65: =G65*H65 -> 4620.48
E66: Датчик температуры погружной MВТ525 OR Ридан | F66: шт | G66: 2 | H66: 14307 | I66: =G66*H66 -> 28614
E67: Датчик температуры наружного воздуха МВТ 3281 | F67: шт. | G67: 1 | H67: 15000 | I67: =G67*H67 -> 15000
E68: Датчик давления MBS 1700R Ридан | F68: шт | G68: 2 | H68: 3634.2 | I68: =G68*H68 -> 7268.4
E69: Датчик давления СДВ-И-2,5-1,6-1,0М(1,6)-4-20мА-DA422-0605-3 с блоком питания 10ВР220-24Д | F69: шт. | G69: 4 | H69: 3899.37 | I69: =G69*H69 -> 15597.48
E70: Клеммная панель | F70: шт. | G70: 2 | I70: =G70*H70 -> 0
E71: Импульсная трубка, Ридан | F71: шт. | G71: 2 | H71: 3874.76 | I71: =G71*H71 -> 7749.52
E72: Шкаф УУТЭ, ТепловычислительТВ7-04 Амперус (+ блок питания) | F72: шт. | G72: 2 | I72: =G72*H72 -> 0
E73: Преобразователь расхода Питерфлоу Ду80, | F73: шт. | G73: 2 | H73: 31063.98 | I73: =G73*H73 -> 62127.96
E74: Преобразователь расхода Питерфлоу Ду20, | F74: шт. | G74: 2 | H74: 21971.22 | I74: =G74*H74 -> 43942.44
E75: Преобразователь расхода Питерфлоу Ду32, | F75: шт. | G75: 2 | H75: 21971.22 | I75: =G75*H75 -> 43942.44
E76: Насос Wilo, IL 65/110-3/2, 3кВт, со встроенными защитами электродвигателя | F76: шт. | G76: 2 | H76: 67022.88 | I76: =G76*H76 -> 134045.76
E77: Насос Wilo, TOP S 40/10, 3 ф 0,6кВт, со встроенными защитами электродвигателя | F77: шт | G77: 2 | H77: 34132.91 | I77: =H77*G77 -> 68265.82
E78: Насос MHIL 506 Зф, 2,2 кВт, 4,5 А Wilo | F78: шт. | G78: 1 | H78: 28049.76 | I78: =G78*H78 -> 28049.76
E79: Насос TOP-Z25/10(1-230V, PN 16, RG) 50Hz Willo со встроенными контактами защиты электродвигателя | F79: шт | G79: 2 | H79: 37766.1 | I79: =G79*H79 -> 75532.2
E80: Вибровставка ф/ф, Ду100 | F80: шт. | G80: 4 | H80: 4519.07 | I80: =G80*H80 -> 18076.28
E81: Предохранительный клапан OR1831, Ду32 | F81: шт. | G81: 1 | H81: 9112.65 | I81: =G81*H81 -> 9112.65
E82: Предохранительный клапан OR1831, Ду20 | F82: шт | G82: 1 | H82: 4919.48 | I82: =H82*G82 -> 4919.48
E83: Теплообменный аппарат НН№ 19, 39-TMTL24, Ридан | F83: шт. | G83: 2 | H83: 151666.93 | I83: =G83*H83 -> 303333.86
E84: Теплообменный аппарат НН№ 19, 18-TKTL41, Ридан | F84: шт. | G84: 2 | H84: 88230.87 | I84: =G84*H84 -> 176461.74
E85: Теплообменный аппарат, 14-М, HHN 12М Ридан | F85: шт | G85: 2 | H85: 38249.53 | I85: =H85*G85 -> 76499.06
E86: Теплообменный аппарат НН№ 19, 37-TL, Ридан | F86: шт. | G86: 2 | H86: 105181.71 | I86: =G86*H86 -> 210363.42
E87: Теплообменный аппарат ГВС Ридан 12-Н, НН№ 12М | F87: шт | G87: 1 | H87: 55837.72 | I87: =G87*H87 -> 55837.72
E88: Теплообменный аппарат ГВС Ридан 15-НМ65, НН№ 12М | F88: шт | G88: 1 | H88: 55837.72 | I88: =G88*H88 -> 55837.72
E89: Труба стальная эл. сварная Д-133х4,5 мм | F89: м | G89: 8 | H89: 1033.14 | I89: =G89*H89 -> 8265.12
E90: Труба стальная эл. сварная Д-108х3,5 мм | F90: м | G90: 44 | H90: 743.34 | I90: =G90*H90 -> 32706.96
E91: Труба стальная эл. сварная Д-89х3,5 мм | F91: м | G91: 14 | H91: 534.68 | I91: =G91*H91 -> 7485.52
E92: Труба стальная эл. сварная Д-76х3,5 мм | F92: м | G92: =26+N("Т1-Т2, Г, ЖЧ")+48+N("ГВС, Г, ЖЧ") -> 74 | H92: 453.54 | I92: =G92*H92 -> 33561.96
E93: Труба стальная эл. сварная Д-57х3,5 мм | F93: м | G93: 22 | H93: 334.72 | I93: =G93*H93 -> 7363.84
E94: Труба стальная водогазопроводная Д-40х3,5мм СТЗ | F94: м | G94: 40 | H94: 280.22 | I94: =G94*H94 -> 11208.8
E95: Труба стальная водогазопроводная Д-32х3,2мм СТЗ | F95: м | G95: 58 | H95: 225.5 | I95: =G95*H95 -> 13079
E96: Труба стальная водогазопроводная Д-25х3,2мм СТЗ | F96: м | G96: 52 | H96: 174.42 | I96: =H96*G96 -> 9069.84
E97: Труба стальная водогазопроводная Д-20х2,8мм СТЗ | F97: м | G97: 2 | H97: 124.28 | I97: =H97*G97 -> 248.56
E98: Труба стальная водогазопроводная Д-15х2,8мм СТЗ | F98: м | G98: 16 | H98: 95.82 | I98: =H98*G98 -> 1533.12
E99: Труба стальная нерж. AISI304 Д-60,3х3,0 мм (ISO) (Ду50) | F99: м | G99: 12 | H99: 1148.55 | I99: =H99*G99 -> 13782.6
E100: Труба стальная нерж. AISI304 Д-48,3х3,0 мм (ISO) (Ду40) | F100: м | G100: 8 | H100: 892.24 | I100: =H100*G100 -> 7137.92
E101: Труба стальная нерж. AISI304 Д-42,4х3,0 мм (ISO) (Ду32) | F101: м | G101: 8 | H101: 777.6 | I101: =H101*G101 -> 6220.8
E102: Труба стальная нерж. AISI304 Д-33,7х3,0 мм (ISO) (Ду25) | F102: м | G102: 6 | H102: 593.74 | I102: =H102*G102 -> 3562.44
E103: Труба стальная нерж. AISI304 Д-21,3х3,0 мм (ISO) (Ду15) | F103: м | G103: 10 | H103: 418.54 | I103: =H103*G103 -> 4185.4
E104: Труба ППН SDR 6 арм.стекловолокно (PN20) DN63х10,5 TEBO | F104: м | G104: 40 | H104: 450.28 | I104: =H104*G104 -> 18011.2
E105: Труба ППН SDR 6 арм.стекловолокно (PN20) DN50x8,4 TEBO | F105: м | G105: 25 | H105: 284.94 | I105: =H105*G105 -> 7123.5
E106: Труба ППН SDR 6 арм.стекловолокно (PN20) DN40x6,7 TEBO | F106: м | G106: 15 | H106: 184.95 | I106: =H106*G106 -> 2774.25
E107: Труба ППН SDR 6 арм.стекловолокно (PN20) DN32х5,4 TEBO | F107: м | G107: 10 | H107: 122.1 | I107: =H107*G107 -> 1221
...

Sheet ЛСР 11.05
I1: Приложение №
I2: к Договору подряда №
B4: ПОДРЯДЧИК: | E4: ТЕХНИЧЕСКИЙ ЗАКАЗЧИК: | H4: ЗАКАЗЧИК:
E5: ООО "ТЗ "ЭНКО" | H5: ООО "ЭНКО ИНВЕСТ"
B7: ______________/
A9: Локальный сметный расчет №1
A10: ГП-72.110 дом
A12: № | B12: Наименование | C12: Марка | D12: Характеристика | E12: Ед.изм. | F12: Кол-во | G12: Цена за ед.изм.,руб. | H12: Сумма, руб | I12: Примечание
A13: 11 | B13: Внутренние инженерные сети
A14: 11.05. | B14: ИТП
A15: 11.05.01. | B15: Монтаж ИТП (разборного типа)
A16: 11.05.01.00 | B16: Монтаж ИТП (разборного типа) | H16: =H17+H21 -> #N/A
B17: Работа: | H17: =SUM(H18:H20) -> 0
B18: Монтажные работы | E18: комплекс | F18: 1 | G18: =работа!E6 -> 0 | H18: =G18*F18 -> 0 | I18: в т.ч. 1. Монтаж и обвязка трубопроводов включая подключение к тепловым сетям и вывод трубопроводов с теплообменников в пределах помещения ИТП 2. Изоляционные работы трубопроводов 3. Изоляционные работы теплообменников 4. Манометрические испытания блоков и трубопроводов. 5. Частичная разборка для транспортировки в помещение
B19: Пробивка отверстий Д 100 | E19: шт | F19: 10 | G19: =работа!E7 -> 0 | H19: =G19*F19 -> 0
B20: Электромонтажные работы | E20: комплекс | F20: 1 | G20: =работа!E8 -> 0 | H20: =G20*F20 -> 0
B21: Материалы: | H21: =SUM(H22:H174) -> #N/A
B22: БТП Ридан N2212250583-1
B23: Шкаф УУТЭ, ТепловычислительТВ7-04М (RS232+RS485) (+ блок питания) | E23: шт. | F23: 1 | G23: =VLOOKUP(B23,материалы!$B$6:$G$162,6,0) -> #N/A | H23: =F23*G23 -> #N/A
B24: Монтажный комплект для расходомера Ду80 | E24: шт. | F24: 2 | G24: =VLOOKUP(B24,материалы!$B$6:$G$162,6,0) -> #N/A | H24: =F24*G24 -> #N/A
B25: Монтажная вставка для расходомера Ду80 | E25: шт. | F25: 2 | G25: =VLOOKUP(B25,материалы!$B$6:$G$162,6,0) -> #N/A | H25: =F25*G25 -> #N/A
B26: Расходомер Питерфлоу Dy80/Межфланцевый/Qmax 90/Tmax150/PN16 | C26: Термотроник | E26: шт. | F26: 2 | G26: =VLOOKUP(B26,материалы!$B$6:$G$162,6,0) -> #N/A | H26: =F26*G26 -> #N/A
B27: Регулятор перепада давлений VFG-2R/Dy80/Kvs80/Tmax150/Pmax16 сталь ф/ф (настройка 0,6449 bar) | C27: Ридан | E27: шт. | F27: 1 | G27: =VLOOKUP(B27,материалы!$B$6:$G$162,6,0) -> 0 | H27: =F27*G27 -> 0
B28: Регулирующий блок AFP-R с имп. трубкой | C28: Ридан | E28: шт. | F28: 1 | G28: =VLOOKUP(B28,материалы!$B$6:$G$162,6,0) -> 0 | H28: =F28*G28 -> 0
B29: Кран шаровый под приварку, Ду32 PN16 | C29: LD | E29: шт. | F29: 2 | G29: =VLOOKUP(B29,материалы!$B$6:$G$162,6,0) -> 0 | H29: =F29*G29 -> 0
B30: Кран шаровый под приварку, Ду15 PN16 воздушник | C30: LD | E30: шт. | F30: 2 | G30: =VLOOKUP(B30,материалы!$B$6:$G$162,6,0) -> 0 | H30: =F30*G30 -> 0
B31: Кран шаровый Ду15 PN16 латунь В/В резьба воздушник | C31: LD | E31: шт. | F31: 2 | G31: =VLOOKUP(B31,материалы!$B$6:$G$162,6,0) -> 0 | H31: =F31*G31 -> 0
B32: Кран шаровый под приварку, Ду25 PN16 Спускник | C32: LD | E32: шт. | F32: 5 | G32: =VLOOKUP(B32,материалы!$B$6:$G$162,6,0) -> 0 | H32: =F32*G32 -> 0
B33: Кран шаровый под приварку, Ду125 PN16 | C33: LD | E33: шт. | F33: 4 | G33: =VLOOKUP(B33,материалы!$B$6:$G$162,6,0) -> #N/A | H33: =F33*G33 -> #N/A
B34: Грязевик, Ду125 PN16 Ст20 RAL 7016 сталь ф/ф | E34: шт. | F34: 2 | G34: =VLOOKUP(B34,материалы!$B$6:$G$162,6,0) -> #N/A | H34: =F34*G34 -> #N/A
B35: Фильтр, ФСФ Dу125/Py16/Tmax200 чугун ф/ф | C35: ADL | E35: шт. | F35: 2 | G35: =VLOOKUP(B35,материалы!$B$6:$G$162,6,0) -> #N/A | H35: =F35*G35 -> #N/A
B36: Клапан предохранительный 3/4" OR 1832.020 латунь р/р | C36: Прегран КПП 095 | E36: шт. | F36: 1 | G36: =VLOOKUP(B36,материалы!$B$6:$G$162,6,0) -> 0 | H36: =F36*G36 -> 0
B37: Фильтр сетчатый Dу32/Py25/Tmax200 латунь В/В резьба | C37: Валтек | E37: шт. | F37: 1 | G37: =VLOOKUP(B37,материалы!$B$6:$G$162,6,0) -> #N/A | H37: =F37*G37 -> #N/A
B38: Расходомер Питерфлоу Dy20/Межфланцевый/Qmax 12/Tmax150/PN16 | C38: Термотроник | E38: шт. | F38: 1 | G38: =VLOOKUP(B38,материалы!$B$6:$G$162,6,0) -> 0 | H38: =F38*G38 -> 0
B39: КИП
B40: Манометр Ру=1,6 МПа d-100мм М20х1.5, | C40: "ROSMA" | E40: шт. | F40: 12 | G40: =VLOOKUP(B40,материалы!$B$6:$G$162,6,0) -> 0 | H40: =F40*G40 -> 0
B41: Термометр биметалличсеский 0-120С 080мм кл. точности 1,5 | C41: "ROSMA" | E41: шт. | F41: 2 | G41: =VLOOKUP(B41,материалы!$B$6:$G$162,6,0) -> 0 | H41: =F41*G41 -> 0
B42: Преобразователь давления СДВ-И 4-20 мА/0-16 бар | E42: шт. | F42: 2 | G42: =VLOOKUP(B42,материалы!$B$6:$G$162,6,0) -> 0 | H42: =F42*G42 -> 0
B43: Термометр сопротивления КТС-Б-Рт100-В-х4-П-3-120/6-50-Е | C43: Термопоинт | E43: шт. | F43: 4 | G43: =VLOOKUP(B43,материалы!$B$6:$G$162,6,0) -> #N/A | H43: =F43*G43 -> #N/A
B44: Импульсная трубка | C44: Ридан | E44: шт. | F44: 1 | G44: =VLOOKUP(B44,материалы!$B$6:$G$162,6,0) -> 0 | H44: =F44*G44 -> 0
B45: Кран трехходовой для манометра, Ру=1,6 Мпа, Ду=15 мм | E45: шт. | F45: 14 | G45: =VLOOKUP(B45,материалы!$B$6:$G$162,6,0) -> 0 | H45: =F45*G45 -> 0
B46: БТП Ридан N2212250583-2
B47: Кран шаровый под приварку, Ду100 PN16 | C47: LD | E47: шт. | F47: 2 | G47: =VLOOKUP(B47,материалы!$B$6:$G$162,6,0) -> 0 | H47: =F47*G47 -> 0
B48: Фильтр сетчатый фланцевый, Ду65 PN16 Tmax200 чугун | C48: ADL | E48: шт. | F48: 1 | G48: =VLOOKUP(B48,материалы!$B$6:$G$162,6,0) -> #N/A | H48: =F48*G48 -> #N/A
B49: Клапан регулирующий VFM-2R/Dy40/Kvs25/Tmax150//Pmax16 чугун | C49: РИДАН | E49: шт. | F49: 1 | G49: =VLOOKUP(B49,материалы!$B$6:$G$162,6,0) -> 0 | H49: =F49*G49 -> 0
B50: Электропривод AMV-1000R 082G6011R, 230V, импульсное управление | C50: РИДАН | E50: шт. | F50: 1 | G50: =VLOOKUP(B50,материалы!$B$6:$G$162,6,0) -> 0 | H50: =F50*G50 -> 0
B51: Кран шаровый под приварку, Ду25 PN16 Спускник | C51: LD | E51: шт. | F51: 2 | G51: =VLOOKUP(B51,материалы!$B$6:$G$162,6,0) -> 0 | H51: =F51*G51 -> 0
B52: Кран шаровый под приварку, Ду15 PN16 Воздушник | C52: LD | E52: шт. | F52: 2 | G52: =VLOOKUP(B52,материалы!$B$6:$G$162,6,0) -> 0 | H52: =F52*G52 -> 0
B53: Кран шаровый Ду15 (1/2")/Ру16/Tmax130 В/В резьба Воздушник | C53: Валтек | E53: шт. | F53: 8 | G53: =VLOOKUP(B53,материалы!$B$6:$G$162,6,0) -> 0 | H53: =F53*G53 -> 0
B54: Кран шаровый Ду25/Ру16/Tmax130 В/В резьба Спускник | C54: Валтек | E54: шт. | F54: 9 | G54: =VLOOKUP(B54,материалы!$B$6:$G$162,6,0) -> 0 | H54: =F54*G54 -> 0
B55: Кран шаровый под приварку, Ду65 PN16 | C55: LD | E55: шт. | F55: 6 | G55: =VLOOKUP(B55,материалы!$B$6:$G$162,6,0) -> 0 | H55: =F55*G55 -> 0
B56: Клапан предохранительный 3/4" OR 1832.020 латунь р/р | C56: Прегран КПП 095 | E56: шт. | F56: 1 | G56: =VLOOKUP(B56,материалы!$B$6:$G$162,6,0) -> 0 | H56: =F56*G56 -> 0
B57: Теплообменник НН-07A-45-TKTM50 | C57: РИДАН | E57: шт. | F57: 1 | G57: =VLOOKUP(B57,материалы!$B$6:$G$162,6,0) -> #N/A | H57: =F57*G57 -> #N/A
B58: Теплообменник НН-07A-39-TKTM82 | C58: РИДАН | E58: шт. | F58: 1 | G58: =VLOOKUP(B58,материалы!$B$6:$G$162,6,0) -> #N/A | H58: =F58*G58 -> #N/A
... B60: Обратный клапан NRV-R EF/Dy25/Py18/Tmax110 латунь р/р | C60: Валтек | E60: шт. | F60: 2 | G60: =VLOOKUP(B60,материалы!$B$6:$G$162,6,0) -> #N/A | H60: =F60*G60 -> #N/A
B61: Вибровставка ZKV EPDM PN16 DN40 | E61: шт. | F61: 4 | G61: =VLOOKUP(B61,материалы!$B$6:$G$162,6,0) -> 0 | H61: =F61*G61 -> 0
B62: Насос RMV 1-2F | C62: РИДАН | E62: шт. | F62: 2 | G62: =VLOOKUP(B62,материалы!$B$6:$G$162,6,0) -> 0 | H62: =F62*G62 -> 0
B63: Обратный клапан NRV-R EF/Dy40/Py18/Tmax110 латунь р/р | C63: ADL | E63: шт. | F63: 1 | G63: =VLOOKUP(B63,материалы!$B$6:$G$162,6,0) -> 0 | H63: =F63*G63 -> 0
B64: Фильтр /Dy25/Py25/Tmax130 латунь р/р | C64: Валтек | E64: шт. | F64: 1 | G64: =VLOOKUP(B64,материалы!$B$6:$G$162,6,0) -> #N/A | H64: =F64*G64 -> #N/A
B65: Фильтр /Dy40/Py25/Tmax130 латунь р/р | C65: Валтек | E65: шт. | F65: 1 | G65: =VLOOKUP(B65,материалы!$B$6:$G$162,6,0) -> 0 | H65: =F65*G65 -> 0
B66: Клапан ручной балансировочный MNT-R, Dy20/Kvs5,19 | C66: РИДАН | E66: шт. | F66: 1 | G66: =VLOOKUP(B66,материалы!$B$6:$G$162,6,0) -> 0 | H66: =F66*G66 -> 0
B67: Теплоизоляция теплообменников | E67: шт. | F67: 2 | G67: =VLOOKUP(B67,материалы!$B$6:$G$162,6,0) -> 0 | H67: =F67*G67 -> 0
B68: КИП
B69: Термометр биметалличсеский 0-120С 080мм кл. точности 1,5 | C69: "ROSMA" | E69: шт. | F69: 9 | G69: =VLOOKUP(B69,материалы!$B$6:$G$162,6,0) -> 0 | H69: =F69*G69 -> 0
B70: Манометр Ру=1,6 МПа d-100мм М20х1.5, | C70: "ROSMA" | E70: шт. | F70: 18 | G70: =VLOOKUP(B70,материалы!$B$6:$G$162,6,0) -> 0 | H70: =F70*G70 -> 0
B71: Датчик температуры погружной МВТ 5250 | C71: Ридан | E71: шт. | F71: 1 | G71: =VLOOKUP(B71,материалы!$B$6:$G$162,6,0) -> 0 | H71: =F71*G71 -> 0
B72: Преобразователь давления MBS1700R. 4-20 мА/0-16 бар | E72: шт. | F72: 2 | G72: =VLOOKUP(B72,материалы!$B$6:$G$162,6,0) -> #N/A | H72: =F72*G72 -> #N/A
B73: Бобышка приварная L35 мм М20х1,5 прямая | E73: шт. | F73: 11 | G73: =VLOOKUP(B73,материалы!$B$6:$G$162,6,0) -> 0 | H73: =F73*G73 -> 0
B74: Демпферная трубка | E74: шт. | F74: 2 | G74: =VLOOKUP(B74,материалы!$B$6:$G$162,6,0) -> 0 | H74: =F74*G74 -> 0
B75: Кран трехходовой для манометра, Ру=1,6 Мпа, Ду=15 мм | E75: шт. | F75: 20 | G75: =VLOOKUP(B75,материалы!$B$6:$G$162,6,0) -> 0 | H75: =F75*G75 -> 0
B76: БТП Ридан N2212250583-3
B77: Кран шаровый под приварку, Ду65 PN16 | C77: LD | E77: шт. | F77: 5 | G77: =VLOOKUP(B77,материалы!$B$6:$G$162,6,0) -> #N/A | H77: =F77*G77 -> #N/A
B78: Фильтр сетчатый фланцевый, Ду65 PN16 Tmax200 чугун | C78: ADL | E78: шт. | F78: 2 | G78: =VLOOKUP(B78,материалы!$B$6:$G$162,6,0) -> 0 | H78: =F78*G78 -> 0
B79: Клапан регулирующий VFM-2R/Dy32/Kvs16/Tmax150/Pmax25 чугунный | C79: РИДАН | E79: шт. | F79: 1 | G79: =VLOOKUP(B79,материалы!$B$6:$G$162,6,0) -> #N/A | H79: =F79*G79 -> #N/A
B80: Электропривод ARV-1000R 082G6011R, 230V, импульсное управление | C80: РИДАН | E80: шт. | F80: 1 | G80: =VLOOKUP(B80,материалы!$B$6:$G$162,6,0) -> 0 | H80: =F80*G80 -> 0
B81: Кран шаровый под приварку, Ду15 Воздушник | C81: LD | E81: шт. | F81: 2 | G81: =VLOOKUP(B81,материалы!$B$6:$G$162,6,0) -> 0 | H81: =F81*G81 -> 0
B82: Кран шаровый под приварку, Ду25 Спускник | C82: LD | E82: шт. | F82: 2 | G82: =VLOOKUP(B82,материалы!$B$6:$G$162,6,0) -> 0 | H82: =F82*G82 -> 0
B83: Кран шаровый Ду15 (1/2")/Ру16/Tmax130 В/В резьба | C83: Валтек | E83: шт. | F83: 8 | G83: =VLOOKUP(B83,материалы!$B$6:$G$162,6,0) -> #N/A | H83: =F83*G83 -> #N/A
B84: Кран шаровый муфтовый Ду25/Ру16/Tmax130 В/В резьба Спускник | C84: Валтек | E84: шт. | F84: 8 | G84: =VLOOKUP(B84,материалы!$B$6:$G$162,6,0) -> 0 | H84: =F84*G84 -> 0
B85: Затвор дисковый ЗДМ/Dy65/Py16/Tmax120 чугун м/ф | C85: РИДАН | E85: шт. | F85: 10 | G85: =VLOOKUP(B85,материалы!$B$6:$G$162,6,0) -> #N/A | H85: =F85*G85 -> #N/A
B86: Теплообменник НН-19A-20-TMTL26 | C86: РИДАН | E86: шт. | F86: 2 | G86: =VLOOKUP(B86,материалы!$B$6:$G$162,6,0) -> #N/A | H86: =F86*G86 -> #N/A
B87: Клапан обратный ЗОД/Ду65/Ру16/Тмаx120 чугун м/ф | C87: РИДАН | E87: шт. | F87: 2 | G87: =VLOOKUP(B87,материалы!$B$6:$G$162,6,0) -> 0 | H87: =F87*G87 -> 0
B88: Вибровставка ZKV EPDM PN16 DN65 | E88: шт. | F88: 4 | G88: =VLOOKUP(B88,материалы!$B$6:$G$162,6,0) -> 0 | H88: =F88*G88 -> 0
B89: Насос RV 50-160/2 | C89: РИДАН | E89: шт. | F89: 2 | G89: =VLOOKUP(B89,материалы!$B$6:$G$162,6,0) -> #N/A | H89: =F89*G89 -> #N/A
B90: Кран шаровый Ду32/Ру16/Tmax130 В/В резьба | C90: Валтек | E90: шт. | F90: 1 | G90: =VLOOKUP(B90,материалы!$B$6:$G$162,6,0) -> #N/A | H90: =F90*G90 -> #N/A
B91: Кран шаровый Ду50/Ру16/Tmax130 В/В резьба | C91: Валтек | E91: шт. | F91: 2 | G91: =VLOOKUP(B91,материалы!$B$6:$G$162,6,0) -> 0 | H91: =F91*G91 -> 0
B92: Вибровставка ZKV EPDM PN16 DN40 | E92: шт. | F92: 4 | G92: =VLOOKUP(B92,материалы!$B$6:$G$162,6,0) -> 0 | H92: =F92*G92 -> 0
B93: Клапан обратный NRV-R EF/Dy20/Py16/Tmax110 латунь р/р | C93: РИДАН | E93: шт. | F93: 3 | G93: =VLOOKUP(B93,материалы!$B$6:$G$162,6,0) -> #N/A | H93: =F93*G93 -> #N/A
B94: Насос RMV 3-10F | C94: РИДАН | E94: шт. | F94: 2 | G94: =VLOOKUP(B94,материалы!$B$6:$G$162,6,0) -> #N/A | H94: =F94*G94 -> #N/A
B95: Клапан соленоидный EV220WR/Dy20/Kvs6.5/Tmax130 латунь р/р | E95: шт. | F95: 1 | G95: =VLOOKUP(B95,материалы!$B$6:$G$162,6,0) -> #N/A | H95: =F95*G95 -> #N/A
B96: Клапан предохранительный 3/4" OR 1832.015 | E96: шт. | F96: 1 | G96: =VLOOKUP(B96,материалы!$B$6:$G$162,6,0) -> #N/A | H96: =F96*G96 -> #N/A
B97: Расширительный бак R750, 10бар | E97: шт. | F97: 2 | G97: =VLOOKUP(B97,материалы!$B$6:$G$162,6,0) -> 0 | H97: =F97*G97 -> 0
B98: Кран шаровый муфтовый Ду20/Ру16/Tmax130 В/В резьба | C98: Валтек | E98: шт. | F98: 8 | G98: =VLOOKUP(B98,материалы!$B$6:$G$162,6,0) -> #N/A | H98: =F98*G98 -> #N/A
B99: Теплоизоляция теплообменников | E99: шт. | F99: 2 | G99: =VLOOKUP(B99,материалы!$B$6:$G$162,6,0) -> 0 | H99: =F99*G99 -> 0
B100: КИП
B101: Термометр биметалличсеский 0-120С 080мм кл. точности 1,5 | C101: "ROSMA" | E101: шт. | F101: 10 | G101: =VLOOKUP(B101,материалы!$B$6:$G$162,6,0) -> 0 | H101: =F101*G101 -> 0
B102: Манометр Ру=1,6 МПа d-100мм М20х1.5, | C102: "ROSMA" | E102: шт. | F102: 5 | G102: =VLOOKUP(B102,материалы!$B$6:$G$162,6,0) -> 0 | H102: =F102*G102 -> 0
B103: Манометр Ру=1,0 МПа d-100мм М20х1.5 | C103: "ROSMA" | E103: шт. | F103: 16 | G103: =VLOOKUP(B103,материалы!$B$6:$G$162,6,0) -> 0 | H103: =F103*G103 -> 0
B104: Датчик температуры погружной МВТ 5250 | C104: Ридан | E104: шт. | F104: 2 | G104: =VLOOKUP(B104,материалы!$B$6:$G$162,6,0) -> 0 | H104: =F104*G104 -> 0
B105: Преобразователь давления MBS1700R. 4-20 мА/0-10 бар | E105: шт. | F105: 2 | G105: =VLOOKUP(B105,материалы!$B$6:$G$162,6,0) -> 0 | H105: =F105*G105 -> 0
...

Sheet работа
A1: Свод по работам
A3: № | B3: Наименование | C3: Ед.изм. | D3: Кол-во | E3: Цена за ед.изм.,руб. | F3: Сумма, руб | G3: Примечание
A4: 11 | B4: Внутренние инженерные сети
A5: 11.05. | B5: ИТП
B6: Монтажные работы | C6: комплекс | D6: ='ЛСР 11.05'!F18 -> 1 | F6: =E6*D6 -> 0 | G6: в т.ч. 1. Монтаж и обвязка трубопроводов включая подключение к тепловым сетям и вывод трубопроводов с теплообменников в пределах помещения ИТП 2. Изоляционные работы трубопроводов 3. Изоляционные работы теплообменников 4. Манометрические испытания блоков и трубопроводов. 5. Частичная разборка для транспортировки в помещение
B7: Пробивка отверстий Д 100 | C7: шт | D7: ='ЛСР 11.05'!F19 -> 10 | F7: =E7*D7 -> 0
B8: Электромонтажные работы | C8: комплекс | D8: ='ЛСР 11.05'!F20 -> 1 | F8: =E8*D8 -> 0
B9: Пусконаладочные работы | C9: комплекс | D9: ='ЛСР 11.05'!F178 -> 1 | F9: =E9*D9 -> 0
E10: Итого стоимость работ: | F10: =SUM(F6:F9) -> 0
E11: проверка: | F11: =F10-'ЛСР 11.05'!H182 -> 0
B13: Примечание:
A14: - | B14: Монтажные работы включают в себя:
B15: 1. Монтаж и обвязка трубопроводов включая подключение к тепловым сетям и вывод трубопроводов с теплообменников в пределах помещения ИТП
B16: 2. Изоляционные работы трубопроводов
B17: 3. Изоляционные работы теплообменников
B18: 4. Манометрические испытания блоков и трубопроводов
B19: 5. Частичная разборка для транспортировки в помещение
A20: - | B20: Стоимость СМР учитывает - затраты на все второстепенные материалы и работы необходимые для осуществления полного комплекса работ, включая затраты: обеспечение технической водой для производства работ и бытовых целей; на мобилизацию, аренду и эксплуатацию всех необходимых механизмов, оборудования и инструментов, бытовых помещений и биотуалетов; на подъем материалов и разноску по этажам к местам производства работ; выполнение сопутствующих работ; вывоз мусора; накладные расходы, прибыль организации, налоги и иные издержки Подрядчика.
A21: - | B21: В случае, если один из перечисленных расходных материалов не был использован по факту при производстве работ, заказчик вправе откорректировать процент расходных материалов в актах выполненных работ (формы КС-2, КС-3), уменьшив на сумму исключенного материала.
A22: - | B22: Стоимость материалов учитывает доставку

Sheet материалы
A1: Свод по материалам
A3: № | B3: Наименование | C3: Марка | D3: Характеристика | E3: Ед.изм. | F3: Кол-во | G3: Цена за ед.изм.,руб. | H3: Сумма, руб | I3: Примечание
A4: 11 | B4: Внутренние инженерные сети
A5: 11.05. | B5: ИТП
B6: BNST2012236447 | E6: шт. | F6: =SUMIF('ЛСР 11.05'!$B$22:$B$180,VLOOKUP(B6,$B$6:$B$162,1,0),'ЛСР 11.05'!$F$22:$F$180) -> 0 | H6: =F6*G6 -> 0
B7: BNST2012238161 | E7: шт. | F7: =SUMIF('ЛСР 11.05'!$B$22:$B$180,VLOOKUP(B7,$B$7:$B$162,1,0),'ЛСР 11.05'!$F$22:$F$180) -> 0 | H7: =F7*G7 -> 0
B8: Бак расширительный R150, 10бар | E8: шт. | F8: =SUMIF('ЛСР 11.05'!$B$22:$B$180,VLOOKUP(B8,$B$7:$B$162,1,0),'ЛСР 11.05'!$F$22:$F$180) -> 0 | H8: =F8*G8 -> 0
B9: Бобышка приварная L35 мм М20х1,5 прямая | E9: шт. | F9: =SUMIF('ЛСР 11.05'!$B$22:$B$180,VLOOKUP(B9,$B$7:$B$162,1,0),'ЛСР 11.05'!$F$22:$F$180) -> 31 | H9: =F9*G9 -> 0
B10: Вибровставка ZKV EPDM PN16 DN125 | E10: шт. | F10: =SUMIF('ЛСР 11.05'!$B$22:$B$180,VLOOKUP(B10,$B$7:$B$162,1,0),'ЛСР 11.05'!$F$22:$F$180) -> 0 | H10: =F10*G10 -> 0
B11: Вибровставка ZKV EPDM PN16 DN32 | E11: шт. | F11: =SUMIF('ЛСР 11.05'!$B$22:$B$180,VLOOKUP(B11,$B$7:$B$162,1,0),'ЛСР 11.05'!$F$22:$F$180) -> 8 | H11: =F11*G11 -> 0
B12: Вибровставка ZKV EPDM PN16 DN40 | E12: шт. | F12: =SUMIF('ЛСР 11.05'!$B$22:$B$180,VLOOKUP(B12,$B$7:$B$162,1,0),'ЛСР 11.05'!$F$22:$F$180) -> 8 | H12: =F12*G12 -> 0
B13: Вибровставка ZKV EPDM PN16 DN50 | E13: шт | F13: =SUMIF('ЛСР 11.05'!$B$22:$B$180,VLOOKUP(B13,$B$7:$B$162,1,0),'ЛСР 11.05'!$F$22:$F$180) -> 0 | H13: =F13*G13 -> 0
B14: Вибровставка ZKV EPDM PN16 DN65 | E14: шт. | F14: =SUMIF('ЛСР 11.05'!$B$22:$B$180,VLOOKUP(B14,$B$7:$B$162,1,0),'ЛСР 11.05'!$F$22:$F$180) -> 8 | H14: =F14*G14 -> 0
B15: Гильза для датчика температуры L120 резьба внутр. и наруж. М20х1,5 | E15: шт. | F15: =SUMIF('ЛСР 11.05'!$B$22:$B$180,VLOOKUP(B15,$B$7:$B$162,1,0),'ЛСР 11.05'!$F$22:$F$180) -> 0 | H15: =F15*G15 -> 0
B16: Гильза для датчика температуры, Ридан | E16: шт | F16: =SUMIF('ЛСР 11.05'!$B$22:$B$180,VLOOKUP(B16,$B$7:$B$162,1,0),'ЛСР 11.05'!$F$22:$F$180) -> 1 | H16: =F16*G16 -> 0
B17: Грязевик, Ду150 PN16 Ст20 RAL 7016 сталь ф/ф | E17: шт. | F17: =SUMIF('ЛСР 11.05'!$B$22:$B$180,VLOOKUP(B17,$B$7:$B$162,1,0),'ЛСР 11.05'!$F$22:$F$180) -> 0 | H17: =F17*G17 -> 0
B18: Датчик температуры наружный МВТ | E18: шт. | F18: =SUMIF('ЛСР 11.05'!$B$22:$B$180,VLOOKUP(B18,$B$7:$B$162,1,0),'ЛСР 11.05'!$F$22:$F$180) -> 0 | H18: =F18*G18 -> 0
B19: Датчик температуры наружный МВТ | C19: Ридан | E19: шт. | F19: =SUMIF('ЛСР 11.05'!$B$22:$B$180,VLOOKUP(B19,$B$7:$B$162,1,0),'ЛСР 11.05'!$F$22:$F$180) -> 0 | H19: =F19*G19 -> 0
B20: Датчик температуры погружной МВТ 5250 | C20: Ридан | E20: шт | F20: =SUMIF('ЛСР 11.05'!$B$22:$B$180,VLOOKUP(B20,$B$7:$B$162,1,0),'ЛСР 11.05'!$F$22:$F$180) -> 0 | H20: =F20*G20 -> 0
B21: Датчик температуры погружной МВТ 5250 | C21: Ридан | E21: шт. | F21: =SUMIF('ЛСР 11.05'!$B$22:$B$180,VLOOKUP(B21,$B$7:$B$162,1,0),'ЛСР 11.05'!$F$22:$F$180) -> 6 | H21: =F21*G21 -> 0
B22: Датчик температурый погружной MВТ5250 | C22: Ридан | E22: шт | F22: =SUMIF('ЛСР 11.05'!$B$22:$B$180,VLOOKUP(B22,$B$7:$B$162,1,0),'ЛСР 11.05'!$F$22:$F$180) -> 0 | H22: =F22*G22 -> 0
B23: Демпферная трубка | E23: шт | F23: =SUMIF('ЛСР 11.05'!$B$22:$B$180,VLOOKUP(B23,$B$7:$B$162,1,0),'ЛСР 11.05'!$F$22:$F$180) -> 0 | H23: =F23*G23 -> 0
B24: Демпферная трубка | E24: шт. | F24: =SUMIF('ЛСР 11.05'!$B$22:$B$180,VLOOKUP(B24,$B$7:$B$162,1,0),'ЛСР 11.05'!$F$22:$F$180) -> 2 | H24: =F24*G24 -> 0
B25: Демпферная трубка | E25: шт. | F25: =SUMIF('ЛСР 11.05'!$B$22:$B$180,VLOOKUP(B25,$B$7:$B$162,1,0),'ЛСР 11.05'!$F$22:$F$180) -> 4 | H25: =F25*G25 -> 0
B26: Затвор дисковый ЗДМ/Dy125/Py16/Tmax120 чугун м/ф | C26: РИДАН | E26: шт. | F26: =SUMIF('ЛСР 11.05'!$B$22:$B$180,VLOOKUP(B26,$B$7:$B$162,1,0),'ЛСР 11.05'!$F$22:$F$180) -> 0 | H26: =F26*G26 -> 0
B27: Затвор дисковый поворотный м/ф, Ду65 | C27: РИДАН | E27: шт. | F27: =SUMIF('ЛСР 11.05'!$B$22:$B$180,VLOOKUP(B27,$B$7:$B$162,1,0),'ЛСР 11.05'!$F$22:$F$180) -> 0 | H27: =F27*G27 -> 0
B28: Импульсная трубка | C28: Ридан | E28: шт. | F28: =SUMIF('ЛСР 11.05'!$B$22:$B$180,VLOOKUP(B28,$B$7:$B$162,1,0),'ЛСР 11.05'!$F$22:$F$180) -> 1 | H28: =F28*G28 -> 0
B29: Кабельно-проводниковая продукция, включая кабель для подключения шкафов УУТЭ, лотки, крепежные материалы, автоматы, выключатели, реле защиты. ДЛЯ АВТОМАТИЗАЦИИ | E29: компл. | F29: =SUMIF('ЛСР 11.05'!$B$22:$B$180,VLOOKUP(B29,$B$7:$B$162,1,0),'ЛСР 11.05'!$F$22:$F$180) -> 1 | H29: =F29*G29 -> 0
B30: Клапан запорно-регулирующий с фланцами JIP BaBV3 FF DN100, CV25, Tmax 150 ø100 | C30: РИДАН | E30: шт. | F30: =SUMIF('ЛСР 11.05'!$B$22:$B$180,VLOOKUP(B30,$B$7:$B$162,1,0),'ЛСР 11.05'!$F$22:$F$180) -> 0 | H30: =F30*G30 -> 0
B31: Клапан обратный NRV-R EF/Dy20/Py16/Tmax110 латунь р/р | C31: Valtec | E31: шт | F31: =SUMIF('ЛСР 11.05'!$B$22:$B$180,VLOOKUP(B31,$B$7:$B$162,1,0),'ЛСР 11.05'!$F$22:$F$180) -> 0 | H31: =F31*G31 -> 0
B32: Клапан обратный NRV-R EF/Dy25/Py25/Tmax110 латунь р/р | C32: Валтек | E32: шт. | F32: =SUMIF('ЛСР 11.05'!$B$22:$B$180,VLOOKUP(B32,$B$7:$B$162,1,0),'ЛСР 11.05'!$F$22:$F$180) -> 0 | H32: =F32*G32 -> 0
B33: Клапан обратный NRV-R EF/Dy32/Py16/Tmax110 латунь р/р | C33: Valtec | E33: шт. | F33: =SUMIF('ЛСР 11.05'!$B$22:$B$180,VLOOKUP(B33,$B$7:$B$162,1,0),'ЛСР 11.05'!$F$22:$F$180) -> 2 | H33: =F33*G33 -> 0
B34: Клапан обратный NRV-R EF/Dy25/Py16/Tmax110 латунь р/р | C34: Valtec | E34: шт | F34: =SUMIF('ЛСР 11.05'!$B$22:$B$180,VLOOKUP(B34,$B$7:$B$162,1,0),'ЛСР 11.05'!$F$22:$F$180) -> 0 | H34: =F34*G34 -> 0
B35: Клапан обратный ЗОД/Ду125/Ру16/Тмаx120 чугун м/ф | C35: РИДАН | E35: шт. | F35: =SUMIF('ЛСР 11.05'!$B$22:$B$180,VLOOKUP(B35,$B$7:$B$162,1,0),'ЛСР 11.05'!$F$22:$F$180) -> 0 | H35: =F35*G35 -> 0
B36: Клапан обратный ЗОД/Ду65/Ру16/Тмаx120 чугун м/ф | C36: ADL | E36: шт. | F36: =SUMIF('ЛСР 11.05'!$B$22:$B$180,VLOOKUP(B36,$B$7:$B$162,1,0),'ЛСР 11.05'!$F$22:$F$180) -> 2 | H36: =F36*G36 -> 0
B37: Клапан обратный , Ду20 (3/4") Вр-Вр, латунь В/В резьба | C37: Valtec | E37: шт. | F37: =SUMIF('ЛСР 11.05'!$B$22:$B$180,VLOOKUP(B37,$B$7:$B$162,1,0),'ЛСР 11.05'!$F$22:$F$180) -> 0 | H37: =F37*G37 -> 0
B38: Клапан обратный NRV-R EF/Dy40/Py16/Tmax110 латунь р/р | C38: РИДАН | E38: шт. | F38: =SUMIF('ЛСР 11.05'!$B$22:$B$180,VLOOKUP(B38,$B$7:$B$162,1,0),'ЛСР 11.05'!$F$22:$F$180) -> 0 | H38: =F38*G38 -> 0
B39: Клапан предохранительный 1/2" OR 1832.015 | E39: шт. | F39: =SUMIF('ЛСР 11.05'!$B$22:$B$180,VLOOKUP(B39,$B$7:$B$162,1,0),'ЛСР 11.05'!$F$22:$F$180) -> 0 | H39: =F39*G39 -> 0
B40: Клапан предохранительный 1/2" OR 1832.015 | E40: шт. | F40: =SUMIF('ЛСР 11.05'!$B$22:$B$180,VLOOKUP(B40,$B$7:$B$162,1,0),'ЛСР 11.05'!$F$22:$F$180) -> 0 | H40: =F40*G40 -> 0
B41: Клапан предохранительный 3/4" OR 1832.020 латунь р/р | C41: Прегран КПП 095 | E41: шт. | F41: =SUMIF('ЛСР 11.05'!$B$22:$B$180,VLOOKUP(B41,$B$7:$B$162,1,0),'ЛСР 11.05'!$F$22:$F$180) -> 2 | H41: =F41*G41 -> 0
B42: Клапан регулирующий VFM-2R/Dy25/Kvs10/Tmax150/Pmax25 чугунный | C42: Ридан | E42: шт. | F42: =SUMIF('ЛСР 11.05'!$B$22:$B$180,VLOOKUP(B42,$B$7:$B$162,1,0),'ЛСР 11.05'!$F$22:$F$180) -> 0 | H42: =F42*G42 -> 0
B43: Клапан регулирующий VFM-2R/Dy15/Kvs4/Tmax150/Pmax25 В/В резьба | C43: Ридан | E43: шт. | F43: =SUMIF('ЛСР 11.05'!$B$22:$B$180,VLOOKUP(B43,$B$7:$B$162,1,0),'ЛСР 11.05'!$F$22:$F$180) -> 0 | H43: =F43*G43 -> 0
B44: Клапан регулирующий VFM-2R/Dy20/Kvs6,3/Tmax150/Pmax25 чугунный | E44: шт. | F44: =SUMIF('ЛСР 11.05'!$B$22:$B$180,VLOOKUP(B44,$B$7:$B$162,1,0),'ЛСР 11.05'!$F$22:$F$180) -> 0 | H44: =F44*G44 -> 0
B45: Клапан регулирующий VFM-2R/Dy40/Kvs25/Tmax150//Pmax16 чугун | C45: РИДАН | E45: шт. | F45: =SUMIF('ЛСР 11.05'!$B$22:$B$180,VLOOKUP(B45,$B$7:$B$162,1,0),'ЛСР 11.05'!$F$22:$F$180) -> 1 | H45: =F45*G45 -> 0
B46: Клапан регулирующий VFM-2R/Dy50/Kvs40/Tmax150/Pmax25 чугунный | C46: РИДАН | E46: шт. | F46: =SUMIF('ЛСР 11.05'!$B$22:$B$180,VLOOKUP(B46,$B$7:$B$162,1,0),'ЛСР 11.05'!$F$22:$F$180) -> 1 | H46: =F46*G46 -> 0
B47: Клапан ручной балансировочный MNT-R, Dy20/Kvs5,19 | C47: РИДАН | E47: шт. | F47: =SUMIF('ЛСР 11.05'!$B$22:$B$180,VLOOKUP(B47,$B$7:$B$162,1,0),'ЛСР 11.05'!$F$22:$F$180) -> 1 | H47: =F47*G47 -> 0
B48: Клапан ручной балансировочный MNT-R, Dy32/Kvs14,1 | C48: Ридан | E48: шт. | F48: =SUMIF('ЛСР 11.05'!$B$22:$B$180,VLOOKUP(B48,$B$7:$B$162,1,0),'ЛСР 11.05'!$F$22:$F$180) -> 0 | H48: =F48*G48 -> 0
B49: Клапан ручной балансировочный MNT-R, Dy40/Kvs19,27 | C49: РИДАН | E49: шт. | F49: =SUMIF('ЛСР 11.05'!$B$22:$B$180,VLOOKUP(B49,$B$7:$B$162,1,0),'ЛСР 11.05'!$F$22:$F$180) -> 0 | H49: =F49*G49 -> 0
B50: Клапан соленоидный EV220WR/Dy25/Kvs10.2/Tmax130 латунь р/р | E50: шт. | F50: =SUMIF('ЛСР 11.05'!$B$22:$B$180,VLOOKUP(B50,$B$7:$B$162,1,0),'ЛСР 11.05'!$F$22:$F$180) -> 0 | H50: =F50*G50 -> 0
B51: Клапан соленоидный EV220WR/Dy40/Kvs6.5/Tmax130 латунь р/р | E51: шт. | F51: =SUMIF('ЛСР 11.05'!$B$22:$B$180,VLOOKUP(B51,$B$7:$B$162,1,0),'ЛСР 11.05'!$F$22:$F$180) -> 0 | H51: =F51*G51 -> 0
B52: Кран трехходовой для манометра, Ру=1,6 Мпа, Ду=15 мм | E52: шт. | F52: =SUMIF('ЛСР 11.05'!$B$22:$B$180,VLOOKUP(B52,$B$7:$B$162,1,0),'ЛСР 11.05'!$F$22:$F$180) -> 112 | H52: =F52*G52 -> 0
B53: Кран шаровый Ду15/Ру16/Tmax130 В/В резьба | C53: Valtec | E53: шт. | F53: =SUMIF('ЛСР 11.05'!$B$22:$B$180,VLOOKUP(B53,$B$7:$B$162,1,0),'ЛСР 11.05'!$F$22:$F$180) -> 0 | H53: =F53*G53 -> 0
B54: Кран шаровый Ду15/Ру16/Tmax130 В/В резьба Спускник | C54: Валтек | E54: шт. | F54: =SUMIF('ЛСР 11.05'!$B$22:$B$180,VLOOKUP(B54,$B$7:$B$162,1,0),'ЛСР 11.05'!$F$22:$F$180) -> 0 | H54: =F54*G54 -> 0
B55: Кран шаровый Ду20/Ру16/Tmax130 В/В резьба | C55: Галлоп | E55: шт. | F55: =SUMIF('ЛСР 11.05'!$B$22:$B$180,VLOOKUP(B55,$B$7:$B$162,1,0),'ЛСР 11.05'!$F$22:$F$180) -> 8 | H55: =F55*G55 -> 0
B56: Кран шаровый Ду25 (1") Py25/Tmax130 В/В резьба | C56: Valtec | E56: шт | F56: =SUMIF('ЛСР 11.05'!$B$22:$B$180,VLOOKUP(B56,$B$7:$B$162,1,0),'ЛСР 11.05'!$F$22:$F$180) -> 0 | H56: =F56*G56 -> 0
B57: Кран шаровый Ду25 (1") Ру16/Тmax180 В/В резьба | C57: Valtec | E57: шт. | F57: =SUMIF('ЛСР 11.05'!$B$22:$B$180,VLOOKUP(B57,$B$7:$B$162,1,0),'ЛСР 11.05'!$F$22:$F$180) -> 9 | H57: =F57*G57 -> 0
B58: Кран шаровый Ду25/Ру16/Tmax130 В/В резьба | C58: Валтек | E58: шт. | F58: =SUMIF('ЛСР 11.05'!$B$22:$B$180,VLOOKUP(B58,$B$7:$B$162,1,0),'ЛСР 11.05'!$F$22:$F$180) -> 8 | H58: =F58*G58 -> 0
B59: Кран шаровый Ду50 PN16 c НГ | C59: Valtec | E59: шт | F59: =SUMIF('ЛСР 11.05'!$B$22:$B$180,VLOOKUP(B59,$B$7:$B$162,1,0),'ЛСР 11.05'!$F$22:$F$180) -> 0 | H59: =F59*G59 -> 0
B60: Кран шаровый Ду15 (1/2")/Ру16/Tmax130 В/В резьба Воздушник | C60: Валтек | E60: шт. | F60: =SUMIF('ЛСР 11.05'!$B$22:$B$180,VLOOKUP(B60,$B$7:$B$162,1,0),'ЛСР 11.05'!$F$22:$F$180) -> 12 | H60: =F60*G60 -> 0
B61: Кран шаровый Ду15 PN16 латунь В/В резьба воздушник | C61: LD | E61: шт. | F61: =SUMIF('ЛСР 11.05'!$B$22:$B$180,VLOOKUP(B61,$B$7:$B$162,1,0),'ЛСР 11.05'!$F$22:$F$180) -> 2 | H61: =F61*G61 -> 0
B62: Кран шаровый Ду15/Ру16/Tmax130 В/В резьба | C62: Валтек | E62: шт. | F62: =SUMIF('ЛСР 11.05'!$B$22:$B$180,VLOOKUP(B62,$B$7:$B$162,1,0),'ЛСР 11.05'!$F$22:$F$180) -> 0 | H62: =F62*G62 -> 0
B63: Кран шаровый Ду20 (2")Ру16/Тmax180 В/В резьба | C63: Valtec | E63: шт. | F63: =SUMIF('ЛСР 11.05'!$B$22:$B$180,VLOOKUP(B63,$B$7:$B$162,1,0),'ЛСР 11.05'!$F$22:$F$180) -> 0 | H63: =F63*G63 -> 0
B64: Кран шаровый Ду20/Ру16/Tmax130 В/В резьба | C64: Valtec | E64: шт. | F64: =SUMIF('ЛСР 11.05'!$B$22:$B$180,VLOOKUP(B64,$B$7:$B$162,1,0),'ЛСР 11.05'!$F$22:$F$180) -> 0 | H64: =F64*G64 -> 0
... B97: Манометр Ру=1,6 МПа d-100мм М20х1.5, "ROSMA" | C97: "ROSMA" | E97: шт. | F97: =SUMIF('ЛСР 11.05'!$B$22:$B$180,VLOOKUP(B97,$B$7:$B$162,1,0),'ЛСР 11.05'!$F$22:$F$180) -> 11 | H97: =F97*G97 -> 0
B98: Монтажная вставка для расходомера Ду100 | E98: шт. | F98: =SUMIF('ЛСР 11.05'!$B$22:$B$180,VLOOKUP(B98,$B$7:$B$162,1,0),'ЛСР 11.05'!$F$22:$F$180) -> 0 | H98: =F98*G98 -> 0
B99: Монтажный комплект для расходомера Ду100 | E99: шт. | F99: =SUMIF('ЛСР 11.05'!$B$22:$B$180,VLOOKUP(B99,$B$7:$B$162,1,0),'ЛСР 11.05'!$F$22:$F$180) -> 0 | H99: =F99*G99 -> 0
B100: Насос RMV 5-2F | C100: Ридан | E100: шт. | F100: =SUMIF('ЛСР 11.05'!$B$22:$B$180,VLOOKUP(B100,$B$7:$B$162,1,0),'ЛСР 11.05'!$F$22:$F$180) -> 0 | H100: =F100*G100 -> 0
B101: Насос RV 65-160/2 | C101: РИДАН | E101: шт. | F101: =SUMIF('ЛСР 11.05'!$B$22:$B$180,VLOOKUP(B101,$B$7:$B$162,1,0),'ЛСР 11.05'!$F$22:$F$180) -> 0 | H101: =F101*G101 -> 0
B102: Насос RMHI 2-6R | C102: РИДАН | E102: шт. | F102: =SUMIF('ЛСР 11.05'!$B$22:$B$180,VLOOKUP(B102,$B$7:$B$162,1,0),'ЛСР 11.05'!$F$22:$F$180) -> 0 | H102: =F102*G102 -> 0
B103: Насос RMHI 4-4R | C103: РИДАН | E103: шт. | F103: =SUMIF('ЛСР 11.05'!$B$22:$B$180,VLOOKUP(B103,$B$7:$B$162,1,0),'ЛСР 11.05'!$F$22:$F$180) -> 0 | H103: =F103*G103 -> 0
B104: Насос RMV 10-2F | C104: РИДАН | E104: шт. | F104: =SUMIF('ЛСР 11.05'!$B$22:$B$180,VLOOKUP(B104,$B$7:$B$162,1,0),'ЛСР 11.05'!$F$22:$F$180) -> 0 | H104: =F104*G104 -> 0
B105: Насос RMV 1-2F | C105: Ридан | E105: шт | F105: =SUMIF('ЛСР 11.05'!$B$22:$B$180,VLOOKUP(B105,$B$7:$B$162,1,0),'ЛСР 11.05'!$F$22:$F$180) -> 2 | H105: =F105*G105 -> 0
B106: Насос RMV 3-2F | C106: Ридан | E106: шт | F106: =SUMIF('ЛСР 11.05'!$B$22:$B$180,VLOOKUP(B106,$B$7:$B$162,1,0),'ЛСР 11.05'!$F$22:$F$180) -> 0 | H106: =F106*G106 -> 0
B107: Насос RMV 5-3F | C107: РИДАН | E107: шт. | F107: =SUMIF('ЛСР 11.05'!$B$22:$B$180,VLOOKUP(B107,$B$7:$B$162,1,0),'ЛСР 11.05'!$F$22:$F$180) -> 0 | H107: =F107*G107 -> 0
B108: Обратный клапан NRV-R EF/Dy40/Py18/Tmax110 латунь р/р | C108: Валтек | E108: шт. | F108: =SUMIF('ЛСР 11.05'!$B$22:$B$180,VLOOKUP(B108,$B$7:$B$162,1,0),'ЛСР 11.05'!$F$22:$F$180) -> 1 | H108: =F108*G108 -> 0
B109: Обратный клапан NRV-R EF/Dy50/Py25/Tmax110 латунь р/р | C109: Valtec | E109: шт | F109: =SUMIF('ЛСР 11.05'!$B$22:$B$180,VLOOKUP(B109,$B$7:$B$162,1,0),'ЛСР 11.05'!$F$22:$F$180) -> 0 | H109: =F109*G109 -> 0
B110: Обратный клапан ЗОД/Ду65/Ру16/Тмаx120 чугун м/ф | C110: РИДАН | E110: шт. | F110: =SUMIF('ЛСР 11.05'!$B$22:$B$180,VLOOKUP(B110,$B$7:$B$162,1,0),'ЛСР 11.05'!$F$22:$F$180) -> 0 | H110: =F110*G110 -> 0
B111: Обратный клапан, Ду20 PN16 В/В резьба | C111: Valtec | E111: шт | F111: =SUMIF('ЛСР 11.05'!$B$22:$B$180,VLOOKUP(B111,$B$7:$B$162,1,0),'ЛСР 11.05'!$F$22:$F$180) -> 0 | H111: =F111*G111 -> 0
B112: Предохранительный клапан 1/2" OR 1832.015 | E112: шт. | F112: =SUMIF('ЛСР 11.05'!$B$22:$B$180,VLOOKUP(B112,$B$7:$B$162,1,0),'ЛСР 11.05'!$F$22:$F$180) -> 0 | H112: =F112*G112 -> 0
B113: Преобразователь давления MBS1700R. 4-20 мА/0-10 бар | E113: шт. | F113: =SUMIF('ЛСР 11.05'!$B$22:$B$180,VLOOKUP(B113,$B$7:$B$162,1,0),'ЛСР 11.05'!$F$22:$F$180) -> 4 | H113: =F113*G113 -> 0
B114: Преобразователь давления СДВ-И 4-20 мА/0-16 бар | E114: шт. | F114: =SUMIF('ЛСР 11.05'!$B$22:$B$180,VLOOKUP(B114,$B$7:$B$162,1,0),'ЛСР 11.05'!$F$22:$F$180) -> 2 | H114: =F114*G114 -> 0
B115: Прессостат KPI 35R | E115: шт. | F115: =SUMIF('ЛСР 11.05'!$B$22:$B$180,VLOOKUP(B115,$B$7:$B$162,1,0),'ЛСР 11.05'!$F$22:$F$180) -> 4 | H115: =F115*G115 -> 0
B116: Расходомер Питерфлоу Dy100/Межфланцевый/Qmax 140/Tmax150/PN16 | C116: Термотроник | E116: шт. | F116: =SUMIF('ЛСР 11.05'!$B$22:$B$180,VLOOKUP(B116,$B$7:$B$162,1,0),'ЛСР 11.05'!$F$22:$F$180) -> 0 | H116: =F116*G116 -> 0
B117: Расходомер Питерфлоу Dy20/Межфланцевый/Qmax 12/Tmax150/PN16 | C117: Термотроник | E117: шт. | F117: =SUMIF('ЛСР 11.05'!$B$22:$B$180,VLOOKUP(B117,$B$7:$B$162,1,0),'ЛСР 11.05'!$F$22:$F$180) -> 1 | H117: =F117*G117 -> 0
B118: Расходомер Питерфлоу Dy32/Резьбовой/Qmax 15/Tmax150/PN16 | C118: Термотроник | E118: шт. | F118: =SUMIF('ЛСР 11.05'!$B$22:$B$180,VLOOKUP(B118,$B$7:$B$162,1,0),'ЛСР 11.05'!$F$22:$F$180) -> 0 | H118: =F118*G118 -> 0
B119: Расширительный бак R150, 10бар | E119: шт. | F119: =SUMIF('ЛСР 11.05'!$B$22:$B$180,VLOOKUP(B119,$B$7:$B$162,1,0),'ЛСР 11.05'!$F$22:$F$180) -> 0 | H119: =F119*G119 -> 0
B120: Расширительный бак R750, 10бар | E120: шт. | F120: =SUMIF('ЛСР 11.05'!$B$22:$B$180,VLOOKUP(B120,$B$7:$B$162,1,0),'ЛСР 11.05'!$F$22:$F$180) -> 2 | H120: =F120*G120 -> 0
B121: Регулирующий блок AFP-R с имп. трубкой | C121: Ридан | E121: шт. | F121: =SUMIF('ЛСР 11.05'!$B$22:$B$180,VLOOKUP(B121,$B$7:$B$162,1,0),'ЛСР 11.05'!$F$22:$F$180) -> 1 | H121: =F121*G121 -> 0
B122: Регулирующий клапан VFM-2R/Dy20/Kvs6,3/Tmax150/Pmax25 В/В резьба | C122: Ридан | E122: шт. | F122: =SUMIF('ЛСР 11.05'!$B$22:$B$180,VLOOKUP(B122,$B$7:$B$162,1,0),'ЛСР 11.05'!$F$22:$F$180) -> 0 | H122: =F122*G122 -> 0
B123: Регулятор перепада давлений VFG-2R/Dy80/Kvs80/Tmax150/Pmax16 сталь ф/ф (настройка 0,6449 bar) | C123: Ридан | E123: шт. | F123: =SUMIF('ЛСР 11.05'!$B$22:$B$180,VLOOKUP(B123,$B$7:$B$162,1,0),'ЛСР 11.05'!$F$22:$F$180) -> 1 | H123: =F123*G123 -> 0
B124: Реле разности давлений RT262A | E124: шт. | F124: =SUMIF('ЛСР 11.05'!$B$22:$B$180,VLOOKUP(B124,$B$7:$B$162,1,0),'ЛСР 11.05'!$F$22:$F$180) -> 0 | H124: =F124*G124 -> 0
B125: Реле разности давлений RT262R | E125: шт. | F125: =SUMIF('ЛСР 11.05'!$B$22:$B$180,VLOOKUP(B125,$B$7:$B$162,1,0),'ЛСР 11.05'!$F$22:$F$180) -> 0 | H125: =F125*G125 -> 0
B126: Соленоидный клапан EV220WR/Dy20/Kvs6,5/Tmax130 латунь р/р | C126: Ридан | E126: шт | F126: =SUMIF('ЛСР 11.05'!$B$22:$B$180,VLOOKUP(B126,$B$7:$B$162,1,0),'ЛСР 11.05'!$F$22:$F$180) -> 0 | H126: =F126*G126 -> 0
B127: Теплоизоляция теплообменников | E127: шт. | F127: =SUMIF('ЛСР 11.05'!$B$22:$B$180,VLOOKUP(B127,$B$7:$B$162,1,0),'ЛСР 11.05'!$F$22:$F$180) -> 8 | H127: =F127*G127 -> 0
B128: Теплообменник HH-19А-57-TKTM41 | C128: РИДАН | E128: шт. | F128: =SUMIF('ЛСР 11.05'!$B$22:$B$180,VLOOKUP(B128,$B$7:$B$162,1,0),'ЛСР 11.05'!$F$22:$F$180) -> 0 | H128: =F128*G128 -> 0
B129: Теплообменник НН-14A-12-TKTL45 | C129: Ридан | E129: шт | F129: =SUMIF('ЛСР 11.05'!$B$22:$B$180,VLOOKUP(B129,$B$7:$B$162,1,0),'ЛСР 11.05'!$F$22:$F$180) -> 0 | H129: =F129*G129 -> 0
B130: Теплообменник НН-14A-22-TL | C130: Ридан | E130: шт | F130: =SUMIF('ЛСР 11.05'!$B$22:$B$180,VLOOKUP(B130,$B$7:$B$162,1,0),'ЛСР 11.05'!$F$22:$F$180) -> 0 | H130: =F130*G130 -> 0
B131: Теплообменник НН-14А-11-TMTL30 | C131: Ридан | E131: шт | F131: =SUMIF('ЛСР 11.05'!$B$22:$B$180,VLOOKUP(B131,$B$7:$B$162,1,0),'ЛСР 11.05'!$F$22:$F$180) -> 0 | H131: =F131*G131 -> 0
B132: Теплообменник НН-19A-15-TКTM57 | C132: Ридан | E132: шт. | F132: =SUMIF('ЛСР 11.05'!$B$22:$B$180,VLOOKUP(B132,$B$7:$B$162,1,0),'ЛСР 11.05'!$F$22:$F$180) -> 0 | H132: =F132*G132 -> 0
B133: Теплообменник НН-19A-18-TL | C133: Ридан | E133: шт. | F133: =SUMIF('ЛСР 11.05'!$B$22:$B$180,VLOOKUP(B133,$B$7:$B$162,1,0),'ЛСР 11.05'!$F$22:$F$180) -> 0 | H133: =F133*G133 -> 0
...

Sheet ИТП (2)
A4: Сметный расчет №1
A6: № | B6: Наименование | D6: Ед. | E6: Кол-во | F6: Цена | G6: Сумма | H6: Примечание
A7: Раздел 1. Устройство системы ИТП
B8: БТП Ридан №1506238119-1
B9: Регулятор перепада давлений VFG-2R/Dy100/Kvs125/Tmax150/Pmax16 сталь ф/ф (настройка 0,6449 bar) | C9: Ридан | D9: шт. | E9: 1
B10: Регулирующий блок AFP-R с имп. трубкой | C10: Ридан | D10: шт. | E10: 1
B11: Клапан регулирующий VFM-2R/Dy20/Kvs6,3/Tmax150/Pmax25 чугунный | C11: Ридан | D11: шт. | E11: 1
B12: Клапан регулирующий VFM-2R/Dy32/Kvs16/Tmax150/Pmax25 чугунный | C12: Ридан | D12: шт. | E12: 2
B13: Клапан регулирующий VFM-2R/Dy40/Kvs25/Tmax150//Pmax16 чугун | C13: Ридан | D13: шт. | E13: 1
B14: Клапан регулирующий VFM-2R/Dy50/Kvs40/Tmax150//Pmax16 чугун | C14: Ридан | D14: шт. | E14: 1
B15: Клапан регулирующий VFM-2R/Dy65/Kvs40/Tmax150/Pmax25 чугунный | C15: Ридан | D15: шт. | E15: 1
B16: Реле разности давлений RT262R | D16: шт. | E16: 3
B17: Коллектор Ф250мм на 3 выхода, диаметр подключения 150мм | C17: Ридан | D17: шт | E17: 2
B18: Расширительный бак R500, 10бар | D18: шт. | E18: 1
B19: Расширительный бак R750, 10бар | D19: шт. | E19: 1
B20: Расширительный бак R900, 10бар | D20: шт. | E20: 1
B21: Расширительный бак (подобрать объем и количество) | D21: шт. | E21: 2 | H21: бтп Ридан N2906238603-2
B22: Клапан ручной балансировочный MNT-R, Dy40/Kvs19,27 | C22: Ридан | D22: шт. | E22: 1
B23: Клапан ручной балансировочный MNT-R, Dy50/ | C23: Ридан | D23: шт. | E23: 1
B24: Затвор дисковый ЗДМ/Dy50/Py16/Tmax120 чугун м/ф | C24: Ридан | D24: шт. | E24: 5
B25: Затвор дисковый ЗДМ/Dy80/Py16/Tmax120 чугун м/ф | C25: Ридан | D25: шт. | E25: 6
B26: Затвор дисковый ЗДМ/Dy100/Py16/Tmax120 чугун м/ф | C26: Ридан | D26: шт. | E26: 10
B27: Затвор дисковый ЗДМ/Dy150/Py16/Tmax120 чугун м/ф | C27: Ридан | D27: шт. | E27: 10
B28: Кран шаровый Ду15 (1/2")/Ру16/Tmax130 В/В резьба | C28: Валтек | D28: шт. | E28: 20
B29: Кран шаровый Ду20/Ру16/Tmax130 В/В резьба | C29: Валтек | D29: шт. | E29: 11
B30: Кран шаровый Ду25/Ру16/Tmax130 В/В резьба | C30: Валтек | D30: шт. | E30: 35
B31: Кран шаровый Ду25/Py25/Tmax130 В/В резьба | C31: Валтек | D31: шт | E31: 5
B32: Кран шаровый Ду25 PN16 латунь В/В резьба | C32: LD | D32: шт. | E32: 2
B33: Кран шаровый Ду32/Ру16/Tmax130 В/В резьба | C33: Валтек | D33: шт. | E33: 3
B34: Кран шаровый Ду40/Ру16/Tmax130 В/В резьба | C34: Валтек | D34: шт. | E34: =5+7 -> 12
B35: Кран шаровый Ду50/Ру16/Tmax130 В/В резьба | C35: Валтек | D35: шт. | E35: 13
B36: Кран шаровый под приварку, Ду15 PN16 | C36: LD | D36: шт. | E36: 16
B37: Кран шаровый под приварку, Ду25 PN16 | C37: LD | D37: шт. | E37: 17
B38: Кран шаровый под приварку, Ду32 PN16 | C38: LD | D38: шт. | E38: 6
B39: Кран шаровый под приварку, Ду50 PN16 | C39: LD | D39: шт. | E39: 2
B40: Кран шаровый под приварку, Ду65 PN16 | C40: LD | D40: шт. | E40: 16
B41: Кран шаровый под приварку, Ду100 PN16 | C41: LD | D41: шт. | E41: 8
B42: Кран шаровый под приварку, Ду150 PN16 | C42: LD | D42: шт | E42: 2
B43: Кран шаровый под приварку, Ду200 PN16 | C43: LD | D43: шт. | E43: 4
B44: Кран шаровый фланцевый, Ду65 PN16 | C44: LD | D44: шт. | E44: 5
B45: Кран трехходовой для манометра, Ру=1,6 Мпа, Ду=15 мм | D45: шт. | E45: 173
B46: Датчик температуры погружной МВТ 5250 с гильзой | C46: Ридан | D46: шт. | E46: 12
B47: Термометр сопротивления КТС-Б-Рт100-В-х4-П-3-80/8-50-Е | C47: Термопоинт | D47: шт. | E47: 4
B48: Термометр биметалличсеский 0-120С 080мм кл. точности 1,5 | C48: "ROSMA" | D48: шт. | E48: =24+14 -> 38
B49: Термометр биметалличсеский 0-160С 080мм кл. точности 1,5 | C49: "ROSMA" | D49: шт. | E49: 26
B50: Манометр Ру=1,0 МПа d-100мм М20х1.5 | C50: "ROSMA" | D50: шт. | E50: 49
B51: Манометр Ру=1,6 МПа d-100мм М20х1.5 | C51: "ROSMA" | D51: шт. | E51: 91
B52: Импульсная трубка | C52: Ридан | D52: шт. | E52: 1
B53: Шкаф УУТЭ, ТепловычислительТВ7-04М (2 ввода RS232) Амперус (+ блок питания) | D53: шт. | E53: 1
B54: Шкаф автоматизации BNST1502241781 | D54: шт. | E54: 1
B55: Шкаф автоматизации BNST612239864 | D55: шт. | E55: 1
B56: Преобразователь давления СДВ-И 4-20 мА/0-16 бар | D56: шт. | E56: 2
B57: Преобразователь давления MBS1700R. 4-20 мА/0-10 бар | D57: шт. | E57: 8
B58: Насос RMV 1-2F | C58: Ридан | D58: шт. | E58: 2
B59: Насос RMV 1-9F | C59: Ридан | D59: шт. | E59: 2
B60: Насос RMV 5-2F | C60: Ридан | D60: шт. | E60: 2
B61: Насос RMV 5-9F | C61: Ридан | D61: шт. | E61: 2
B62: Насос RV 40-180/2 | C62: Ридан | D62: шт. | E62: 2
B63: Насос RV 50-160/2 | C63: Ридан | D63: шт | E63: 2
B64: Насос RV 65-210/2 | C64: Ридан | D64: шт. | E64: 2
B65: Насос RV 125-160/4 | C65: Ридан | D65: шт. | E65: 2
B66: Вибровставка ZKV EPDM PN16 DN32 | D66: шт. | E66: 6
B67: Вибровставка ZKV EPDM PN16 DN40 | D67: шт. | E67: 8
B68: Вибровставка ZKV EPDM PN16 DN50 | D68: шт. | E68: 4
B69: Вибровставка ZKV EPDM PN16 DN80 | D69: шт. | E69: 4
B70: Вибровставка ZKV EPDM PN16 DN100 | D70: шт. | E70: 4
B71: Вибровставка ZKV EPDM PN16 DN150 | D71: шт. | E71: 4
B72: Клапан предохранительный 1/2" OR 1832.015 | D72: шт. | E72: 3
B73: Клапан предохранительный 1/2" OR 1832.020 латунь р/р | C73: Прегран КПП 095 | D73: шт. | E73: 1
B74: Клапан предохранительный 3/4" OR 1832.020 латунь р/р | C74: Прегран КПП 095 | D74: шт. | E74: 1
B75: Теплообменник НН-19A-55-TKTL89 | C75: Ридан | D75: шт. | E75: 1
B76: Теплообменник НН-21-53-TM | C76: Ридан | D76: шт. | E76: 1
B77: Теплообменник HH-21-67-TKTM80 | C77: Ридан | D77: шт. | E77: 2
B78: Теплообменник НН-14A-35-TKTL74 | C78: Ридан | D78: шт. | E78: 2
B79: Теплообменник НН-14A-35-TL | C79: Ридан | D79: шт. | E79: 1
B80: Теплообменник НН-14A-27-TL | C80: Ридан | D80: шт. | E80: 1
B81: Теплообменник НН-14A-11-TKTL50 | C81: Ридан | D81: шт. | E81: 2
B82: Фильтр FVR-R/Dy25/Py25/Tmax130 латунь р/р | C82: Valtec | D82: шт. | E82: 1
B83: Фильтр FVR-R/Dy32/Py25/Tmax130 латунь р/р | C83: Valtec | D83: шт. | E83: 2
B84: Фильтр FVR-R/Dy50/Py25/Tmax130 латунь р/р | C84: Valtec | D84: шт. | E84: 2
... B96: Фильтр сетчатый фланцевый, Ду150 PN16 Tmax200 чугун | C96: ADL | D96: шт. | E96: 1
B97: Клапан соленоидный EV220WR/Dy20/Kvs6,5/Tmax130 латунь р/р | D97: шт. | E97: 1
B98: Клапан соленоидный EV220WR/Dy25/Kvs10,2/Tmax130 латунь р/р | D98: шт. | E98: 1
B99: Клапан соленоидный EV220WR/Dy40/Kvs25.6/Tmax130 латунь р/р | D99: шт. | E99: 1
B100: Клапан обратный NRV-R EF/Dy20/Py25/Tmax110 латунь р/р | C100: Валтек | D100: шт. | E100: 2
B101: Клапан обратный NRV-R EF/Dy25/Py18/Tmax110 латунь р/р | C101: Валтек | D101: шт. | E101: 1
B102: Клапан обратный NRV-R EF/Dy40/Py16/Tmax110 латунь р/р | C102: РИДАН | D102: шт. | E102: 2
B103: Клапан обратный NRV-R EF/Dy40/Py18/Tmax110 латунь р/р | C103: Валтек | D103: шт. | E103: 2
B104: Клапан обратный NRV-R EF/Dy50/Py16/Tmax110 латунь р/р | C104: Valtec | D104: шт. | E104: 1
B105: Клапан обратный NRV-R EF/Dy50/Py25/Tmax110 латунь р/р | C105: Валтек | D105: шт. | E105: 2
B106: Клапан обратный ЗОД/Ду65/Ру16/Тмаx120 чугун м/ф | C106: ADL | D106: шт. | E106: 2
B107: Клапан обратный ЗОД/Ду80/Ру16/Тмаx120 чугун м/ф | C107: ADL | D107: шт. | E107: 2
B108: Клапан обратный ЗОД/Ду100/Ру16/Тмаx120 чугун м/ф | C108: ADL | D108: шт. | E108: 2
B109: Клапан обратный ЗОД/Ду150/Ру16/Тмаx120 чугун м/ф | C109: РИДАН | D109: шт. | E109: 2
B110: Клапан запорно-регулирующий с фланцами JIP BaBV3 WW DN100, CV25, Tmax 150 ø100 | C110: РИДАН | D110: шт. | E110: 2
B111: Клапан запорно-регулирующий с фланцами JIP BaBV3 WW DN150, CV25, Tmax 150 ø150 | C111: РИДАН | D111: шт. | E111: 1
... B115: Расходомер Питерфлоу Dy100/Межфланцевый/Qmax 140/Tmax150/PN16 | C115: Термотроник | D115: шт. | E115: 2
B116: Прессостат KPI 35R | D116: шт. | E116: 11
B117: Бобышка приварная L35 мм М20х1,5 прямая | D117: шт. | E117: 40
B118: Трубка Перкинса | D118: шт. | E118: 2
...

Sheet ИТП
B1: Фасонные изделия | G1: Фасонные изделия (резьба стальная нерж., гильза из стальной трубы, теплоизоляция Термафлекс толщ.13мм, муфта соединительная и переходная ППН ТЕВО, заглушка, тройники ППН ТЕВО в тч переходной и стальные нерж., угольник ППН ТЕВО, переходы ППН, гильза в тч из стальной трубы, Фланец стальной нерж., Отвод стальной нерж,фланец штампованный, муфты ППН, бурт под фланец, фланец стальной расточенный, фланец с раструбом, Муфта ППН комб. в тч под ключ TEBO, Бурт под фланец, сгон) | H1: %
B2: Расходные материалы | G2: Расходные материалы (Шуруп с шестигранной головкой, дюбель распорный пластиковый, Хомут для трубы стальной, Траверса монтажная, Анкер распорный лат, Шпилька оцинкованная резьбовая, Гайка оцинкованная, шайба усиленная, клей термафлекс, скотч, асбестовый шнур, электроды по нерж., диски отрезные по металлу, шайба оцинкованная резьбовая, гель сантехнический, П-образный элемент индивидуального изготовления в комплекте с креплением, грунтовка ГФ-021) | H2: %
A3: Сметный расчет №4
A5: № | B5: Наименование | C5: Ед. | D5: Кол-во | E5: Цена | F5: Сумма
A6: Раздел 1. Устройство системы ИТП
A7: 1 | B7: Узел ввода
B8: Регулятор перепада давления VFG 2 Ридан Ду65 | C8: шт. | D8: 1 | F8: =D8*E8 -> 0
B9: Регулирующий блок AFP Ридан с имп. трубкой | C9: шт. | D9: 1 | F9: =D9*E9 -> 0
B10: Кран шаровый под приварку, Ду32 LD | C10: шт. | D10: 1 | F10: =D10*E10 -> 0
B11: Кран шаровый под приварку, Ду15 LD | C11: шт. | D11: 1 | F11: =D11*E11 -> 0
B12: Кран шаровый под приварку, Ду125 LD | C12: шт. | D12: 2 | F12: =D12*E12 -> 0
B13: Кран шаровый под приварку, Ду125 LD | C13: шт. | D13: 2 | F13: =D13*E13 -> 0
B14: Грязевик, Ду125 ТС -569 | C14: шт. | D14: 1 | F14: =D14*E14 -> 0
B15: Фильтр, Ду125 F12516M | C15: шт. | D15: 2 | F15: =D15*E15 -> 0
B16: Кран шаровый под приварку, Ду40 LD | C16: шт. | D16: 2 | F16: =D16*E16 -> 0
B17: КИП
B18: Манометр Ру=1,6 МПа d-100мм М20х1.5, "ROSMA" | C18: шт. | D18: 3 | F18: =D18*E18 -> 0
B19: Манометр Ру=1,6 МПа d-100мм М20х1.5, "ROSMA" | C19: шт. | D19: 2 | F19: =D19*E19 -> 0
B20: Импульсная трубка, Ридан | C20: шт. | D20: 2 | F20: =D20*E20 -> 0
B21: Трубка Перкинса | C21: шт. | D21: 5 | F21: =D21*E21 -> 0
B22: Кран трехходовой для манометра, Ру=1,6 Мпа, Ду=15 мм | C22: шт. | D22: 7 | F22: =D22*E22 -> 0
B23: Узел учета
B24: Шкаф УУТЭ, ТепловычислительТВ7-04 Амперус (+ блок питания) | C24: шт. | D24: 1 | F24: =D24*E24 -> 0
B25: Преобразователь расхода Питерфлоу Ду80, | C25: шт. | D25: 2 | F25: =D25*E25 -> 0
B26: Преобразователь расхода Питерфлоу Ду20, | C26: шт. | D26: 1 | F26: =D26*E26 -> 0
B27: Кран шаровый под приварку, Ду25 LD | C27: шт. | D27: 2 | F27: =D27*E27 -> 0
B28: Кран шаровый муфтовый Ду15 (1/2") Вр-Вр Valtec | C28: шт. | D28: 2 | F28: =D28*E28 -> 0
B29: Кран шаровый муфтовый Ду25 (1") Вр-Вр Valtec | C29: шт. | D29: 2 | F29: =D29*E29 -> 0
B30: Фильтр Ду25 (1") Вр-Вр, Valtec | C30: шт. | D30: 1 | F30: =D30*E30 -> 0
B31: Монтажный комплект Ду80 | C31: шт. | D31: 2 | F31: =D31*E31 -> 0
B32: Монтажная вставка Ду80 | C32: шт. | D32: 2 | F32: =D32*E32 -> 0
B33: КИП
B34: Датчик температуры КТСП (Комплект термометров КТПТР-01-1-100П-А4-120) | C34: компл. | D34: 1 | F34: =D34*E34 -> 0
B35: Гильза для датчика температуры L120 резьба внутр. и наруж. М20х1,5 | C35: шт. | D35: 2 | F35: =D35*E35 -> 0
B36: Термометр биметалличсеский | C36: шт. | D36: 1 | F36: =D36*E36 -> 0
B37: Термометр биметалличсеский | C37: шт. | D37: 1 | F37: =D37*E37 -> 0
B38: Манометр Ру=1,6 МПа d-100мм М20х1.5, "ROSMA" | C38: шт. | D38: 2 | F38: =D38*E38 -> 0
B39: Манометр Ру=1,6 МПа d-100мм М20х1.5, "ROSMA" | C39: шт. | D39: 4 | F39: =D39*E39 -> 0
B40: Датчик давления СДВ-И-2,5-1,6-1,0М(1,6)-4-20мА-DA422-0605-3 с блоком питания 10ВР220-24Д | C40: шт. | D40: 1 | F40: =D40*E40 -> 0
B41: Бобышка приварная L35 мм М20х1,5 прямая | C41: шт. | D41: 2 | F41: =D41*E41 -> 0
B42: Переходник датчика давления (Резьба Ду15) | C42: шт. | D42: 2 | F42: =D42*E42 -> 0
B43: Датчик давления СДВ-И-2,5-1,6-1,0М(1,6)-4-20мА-DA422-0605-3 с блоком питания 10ВР220-24Д | C43: шт. | D43: 1 | F43: =D43*E43 -> 0
B44: Трубка Перкинса | C44: шт. | D44: 6 | F44: =D44*E44 -> 0
B45: Кран трехходовой для манометра, Ру=1,6 Мпа, Ду=15 мм | C45: шт. | D45: 8 | F45: =D45*E45 -> 0
B46: Узел учета (\не жилое)
B47: Шкаф УУТЭ, ТепловычислительТВ7-04 Амперус (+ блок питания) | C47: шт. | D47: 1 | F47: =D47*E47 -> 0
B48: Преобразователь расхода Питерфлоу Ду32, | C48: шт. | D48: 2 | F48: =D48*E48 -> 0
B49: Преобразователь расхода Питерфлоу Ду20, | C49: шт. | D49: 1 | F49: =D49*E49 -> 0
B50: Кран шаровый под приварку, Ду25 LD | C50: шт. | D50: 2 | F50: =D50*E50 -> 0
B51: Кран шаровый муфтовый Ду15 (1/2") Вр-Вр Valtec | C51: шт. | D51: 2 | F51: =D51*E51 -> 0
B52: Кран шаровый муфтовый Ду25 (1") Вр-Вр Valtec | C52: шт. | D52: 2 | F52: =D52*E52 -> 0
B53: Фильтр Ду25 (1") Вр-Вр, Valtec | C53: шт. | D53: 1 | F53: =D53*E53 -> 0
B54: Монтажный комплект Ду32 | C54: шт. | D54: 2 | F54: =D54*E54 -> 0
B55: Монтажная вставка Ду32 | C55: шт. | D55: 1 | F55: =D55*E55 -> 0
B56: Фильтр сетчатый фланцевый, Ду40 ADL | C56: шт. | D56: 2 | F56: =D56*E56 -> 0
B57: КИП
B58: Датчик температуры КТСП (Комплект термометров КТПТР-01-1-100П-А4-120) | C58: шт. | D58: 1 | F58: =D58*E58 -> 0
B59: Гильза для датчика температуры L120 резьба внутр. и наруж. М20х1,5 | C59: шт. | D59: 2 | F59: =D59*E59 -> 0
B60: Термометр биметалличсеский | C60: шт. | D60: 1 | F60: =D60*E60 -> 0
B61: Термометр биметалличсеский | C61: шт. | D61: 1 | F61: =D61*E61 -> 0
B62: Манометр Ру=1,6 МПа d-100мм М20х1.5, "ROSMA" | C62: шт. | D62: 3 | F62: =D62*E62 -> 0
B63: Манометр Ру=1,6 МПа d-100мм М20х1.5, "ROSMA" | C63: шт. | D63: 5 | F63: =D63*E63 -> 0
B64: Датчик давления СДВ-И-2,5-1,6-1,0М(1,6)-4-20мА-DA422-0605-3 с блоком питания 10ВР220-24Д | C64: шт. | D64: 1 | F64: =D64*E64 -> 0
B65: Бобышка приварная L35 мм М20х1,5 прямая | C65: шт. | D65: 2 | F65: =D65*E65 -> 0
B66: Переходник датчика давления (Резьба Ду15) | C66: шт. | D66: 2 | F66: =D66*E66 -> 0
B67: Датчик давления СДВ-И-2,5-1,6-1,0М(1,6)-4-20мА-DA422-0605-3 с блоком питания 10ВР220-24Д | C67: шт. | D67: 1 | F67: =D67*E67 -> 0
B68: Трубка Перкинса | C68: шт. | D68: 6 | F68: =D68*E68 -> 0
B69: Кран трехходовой для манометра, Ру=1,6 Мпа, Ду=15 мм | C69: шт. | D69: 8 | F69: =D69*E69 -> 0
B70: Отопление (жилая часть)
B71: Теплообменный аппарат НН№ 19, 39-TMTL24, Ридан | C71: шт. | D71: 2 | F71: =D71*E71 -> 0
B72: Насос Wilo, IL 65/110-3/2, 3кВт, со встроенными защитами электродвигателя | C72: шт. | D72: 2 | F72: =D72*E72 -> 0
B73: Насос MHIL 506 Зф, 2,2 кВт, 4,5 А Wilo | C73: шт. | D73: 1 | F73: =D73*E73 -> 0
B74: Вибровставка ф/ф, Ду100 | C74: шт. | D74: 4 | F74: =D74*E74 -> 0
B75: Регулирующий клапан двухходовой Ду40 с эл. приводом Ридан VFM-2R+ ARV-1000 | C75: шт. | D75: 1 | F75: =D75*E75 -> 0
B76: Клапан соленоидный EV220B Ду15 НЗ с эл.магн. катушкой, Ридан | C76: шт. | D76: 1 | F76: =D76*E76 -> 0
B77: Регулирующий (балансировочный) клапан, Ду80, Навал | C77: шт. | D77: 1 | F77: =D77*E77 -> 0
B78: Кран шаровый под приварку, Ду65 LD | C78: шт. | D78: 6 | F78: =D78*E78 -> 0
B79: Кран шаровый под приварку, Ду25 LD | C79: шт. | D79: 4 | F79: =D79*E79 -> 0
B80: Кран шаровый муфтовый Ду15 (1/2") Вр-Вр Valtec | C80: шт. | D80: 7 | F80: =D80*E80 -> 0
B81: Кран шаровый муфтовый Ду25 (1") Вр-Вр Valtec | C81: шт. | D81: 10 | F81: =D81*E81 -> 0
B82: Обратный клапан, Ду25 (1") Вр-Вр, Valtec | C82: шт. | D82: 1 | F82: =D82*E82 -> 0
... B90: Бак расширительный 750л, Flexcon R 800 3/10 бар | C90: шт. | D90: 1 | F90: =D90*E90 -> 0
B91: КИП
B92: Датчик температуры погружной МВТ 525 OR, Ридан | C92: шт. | D92: 2 | F92: =D92*E92 -> 0
B93: Гильза для датчика температуры, Ридан | C93: шт. | D93: 2 | F93: =D93*E93 -> 0
B94: Термометр биметалличсеский БТ-51,211 0-120 | C94: шт. | D94: 8 | F94: =D94*E94 -> 0
B95: Термометр биметалличсеский БТ-51,211 0-160 | C95: шт. | D95: 2 | F95: =D95*E95 -> 0
B96: Реле давления KPI-35, Ридан | C96: шт. | D96: 2 | F96: =D96*E96 -> 0
B97: Манометр Ру=1,6 МПа d-100мм М20х1.5, "ROSMA" | C97: шт. | D97: 7 | F97: =D97*E97 -> 0
B98: Манометр Ру=1,6 МПа d-100мм М20х1.5, "ROSMA" | C98: шт. | D98: 17 | F98: =D98*E98 -> 0
B99: Датчик температуры наружного воздуха МВТ 3281 | C99: шт. | D99: 1 | F99: =D99*E99 -> 0
B100: Датчик давления MBS 1700R Ридан | C100: шт. | D100: 1 | F100: =D100*E100 -> 0
B101: Реле перепада давления ДР-ДД-02 | C101: шт. | D101: 1 | F101: =D101*E101 -> 0
B102: Трубка Перкинса | C102: шт. | D102: 15 | F102: =D102*E102 -> 0
B103: Кран трехходовой для манометра, Ру=1,6 Мпа, Ду=15 мм | C103: шт. | D103: 27 | F103: =D103*E103 -> 0
B104: Клеммная панель | C104: шт. | D104: 2 | F104: =D104*E104 -> 0
B105: ГВС (Жилая часть 1-ая зона)
B106: Теплообменный аппарат НН№ 19, 18-TKTL41, Ридан | C106: шт. | D106: 1 | F106: =D106*E106 -> 0
B107: Теплообменный аппарат НН№ 19, 37-TL, Ридан | C107: шт. | D107: 1 | F107: =D107*E107 -> 0
B108: Регулирующий клапан двухходовой Ду40 с эл. VFM-2R+ARV-1000R | C108: шт. | D108: 1 | F108: =D108*E108 -> 0
...

Sheet Свод
B4: Водопровод | C4: =#REF! -> #REF!
B5: Канализация | C5: =#REF! -> #REF!
B6: Отопление | C6: =#REF! -> #REF!
B7: ИТП | C7: =ИТП!F259 -> 0
B8: Сумма | C8: =SUM(C4:C7) -> #REF!

Sheet Материалы Водопровод 
A2: Сметный расчет №1
A4: № п/п | B4: Наименование | C4: Ед. изм. | D4: V | E4: Цена за ед.изм
A5: 1 | B5: Анкер распорный лат. М10 | C5: шт | E5: 15
A6: =A5+1 -> 2 | B6: Антивибрационный компенсатор Д-65
A7: =A6+1 -> 3 | B7: Асбестовый шнур | C7: кг | E7: 420
A8: =A7+1 -> 4 | B8: Балансировочный клапан Баллорекс Броен DN25S Kvs9,94 | C8: шт | E8: 4080
A9: =A8+1 -> 5 | B9: Балансировочный клапан Баллрекс Броен DN32S | C9: шт | E9: 5872
A10: =A9+1 -> 6 | B10: Балансировочный клапан Баоорекс броен DN32S Kvs13,3 | C10: шт | E10: 5872
A11: =A10+1 -> 7 | B11: Бобышка 1/2" | C11: шт | E11: 12
A12: =A11+1 -> 8 | B12: Бурт под фланец ППН DN63 | C12: шт | E12: 274.6
A13: =A12+1 -> 9 | B13: Вентиль латунный пожарный прямой Ду-50 Г/Ц | C13: шт | E13: 1060
A14: =A13+1 -> 10 | B14: Винт-шуруп М8х120 | C14: шт | E14: 9.85
A15: =A14+1 -> 11 | B15: Воздухоотводчик автоматический Нр 1/2" Валтек | C15: шт | E15: 370
A16: =A15+1 -> 12 | B16: Гайка оцинкованная М10 | C16: шт | E16: 2
A17: =A16+1 -> 13 | B17: Гайка оцинкованная М8 | C17: шт | E17: 1.5
A18: =A17+1 -> 14 | B18: Гайка оцинкованная М8 (для соед. хомутов с траверсой) | C18: шт | E18: 1.5
A19: =A18+1 -> 15 | B19: Гель сантехнический | C19: тюб | E19: 150
A20: =A19+1 -> 16 | B20: Гидропневмобак V-100 л | C20: шт | E20: =6900 -> 6900
A21: =A20+1 -> 17 | B21: Гильза из стальной трубы Д-57 L-330мм / нерж. Д-42,4х3,5 | C21: шт | E21: 181.5
A22: =A21+1 -> 18 | B22: Гильза из стальной трубы Д-76 L-330мм / нерж. Д-60,3х3,5 | C22: шт | E22: 240.9
A23: =A22+1 -> 19 | B23: Гильза из стальной трубы Д-76 L-330мм / ст. Д-57 | C23: шт | E23: 101
A24: =A23+1 -> 20 | B24: Гильза из стальной трубы Д-89 L-330мм / РР Д-75 | C24: шт | E24: 119.97
A25: =A24+1 -> 21 | B25: Гильза из теплоизоляции K-flex ST тощиной s-9мм Д-42 L-330мм / РР DN40 | C25: м | E25: 21
A26: =A25+1 -> 22 | B26: Головка соединительная муфтовая напорная ГМ-80 (для передвиж. пож. техники) | C26: шт | E26: 229
A27: =A26+1 -> 23 | B27: Головка соединительная напорная ГМ-50 | C27: шт | E27: 110
A28: =A27+1 -> 24 | B28: Головка-заглушка соединительная напорная ГЗ-80 (для передвиж. пож. техники) | C28: шт | E28: 156
A29: =A28+1 -> 25 | B29: Грунтовка ГФ-021 | C29: кг | E29: 85
A30: =A29+1 -> 26 | B30: Грунтовка ГФ-021 / огрнунтовка гильз | C30: кг | E30: 85
A31: =A30+1 -> 27 | B31: Диски отрезные | C31: шт
A32: =A31+1 -> 28 | B32: Дюбель гвоздь 6х40мм | C32: шт | E32: 0.55
A33: =A32+1 -> 29 | B33: Дюбель гвоздь 6х40мм / крепление к стене | C33: шт | E33: 0.55
A34: =A33+1 -> 30 | B34: Дюбель распорный пластиковый М12 | C34: шт | E34: 5.6
A35: =A34+1 -> 31 | B35: Дюбель распорный пластиковый М14 | C35: шт | E35: 6.2
A36: =A35+1 -> 32 | B36: Заглушка ППН DN40 | C36: шт | E36: 46
A37: =A36+1 -> 33 | B37: Затвор поворотный дисковый м/ф ∅100, Ру16 | C37: шт | E37: 3638.48
A38: =A37+1 -> 34 | B38: Затвор поворотный дисковый м/ф ∅150, Ру16 | C38: шт | E38: 5359.96
A39: =A38+1 -> 35 | B39: Затвор поворотный дисковый м/ф ∅150, Ру16 с электроприводом 380В | C39: шт | E39: 44337.13
A40: =A39+1 -> 36 | B40: Затвор поворотный дисковый м/ф ∅50, Ру16 | C40: шт | E40: 2146.19
A41: =A40+1 -> 37 | B41: Затвор поворотный дисковый м/ф ∅65, Ру16 | C41: шт | E41: 2449.84
A42: =A41+1 -> 38 | B42: Затвор поворотный дисковый м/ф ∅80, Ру16 | C42: шт | E42: 2895.7
A43: =A42+1 -> 39 | B43: Квартирный регулятор давления воды, Ø15, Ру16 ИКМА | C43: шт | E43: 705.69
A44: =A43+1 -> 40 | B44: Клан шаровой латунный полнопроходной, внешняя резьба, Ø15, Ру16 Валтек | C44: шт
A45: =A44+1 -> 41 | B45: Клапан обратный лат. муфтовый 1" Валтек | C45: шт | E45: 289.34
A46: =A45+1 -> 42 | B46: Клапан обратный лат. муфтовый Вр 1 1/2" Валтек | C46: шт | E46: 698
A47: =A46+1 -> 43 | B47: Клапан обратный м/ф Д-50 | C47: шт | E47: 2880
A48: =A47+1 -> 44 | B48: Клапан обратный м/ф Д-65 | C48: шт | E48: 3356
A49: =A48+1 -> 45 | B49: Клапан обратный м/ф Д-80мм | C49: шт | E49: 765
A50: =A49+1 -> 46 | B50: Клапан обратный фланцевый Д-50 | C50: шт | E50: 2880
A51: =A50+1 -> 47 | B51: Клей Термафлекc | C51: л | E51: 793.65
A52: =A51+1 -> 48 | B52: Кожух гофрированный Д-25 | C52: шт | E52: 23
A53: =A52+1 -> 49 | B53: Кожух гофрированный Д-28 | C53: шт | E53: 27
A54: =A53+1 -> 50 | B54: Коллекторный шкаф, габаритные размеры: 600x450x110 | C54: шт | E54: 3920
A55: =A54+1 -> 51 | B55: Кольцо белое Q&E 16 | C55: шт | E55: 22.8
A56: =A55+1 -> 52 | B56: Кольцо белое Q&E 20 | C56: шт | E56: 32.54
A57: =A56+1 -> 53 | B57: Комплект гаек | C57: компл.
A58: =A57+1 -> 54 | B58: Комплект гаек и болтов для крепления насосов | C58: компл.
A59: =A58+1 -> 55 | B59: Конслоль L-300мм / крепление ВУ | C59: шт | E59: 50.88
A60: =A59+1 -> 56 | B60: Конслоль L-400мм / крепление ВУ | C60: шт | E60: 61.05
A61: =A60+1 -> 57 | B61: Кран поливочный водоразборный 1" | C61: шт | E61: 386.54
A62: =A61+1 -> 58 | B62: Кран трехходовой для манометра, Ру=1,6 Мпа, Ду=15 мм | C62: шт | E62: 306
A63: =A62+1 -> 59 | B63: Кран шаровой латунный полнопроходной, НР, Ø15, Ру16 Валтек | C63: шт | E63: 128.87
A64: =A63+1 -> 60 | B64: Кран шаровый Вр-Вр Ду 1/2" (сброс) | C64: шт | E64: 128.87
A65: =A64+1 -> 61 | B65: Кран шаровый муфтовый 1" / полив Валтек | C65: шт | E65: 386.54
A66: =A65+1 -> 62 | B66: Кран шаровый муфтовый Вр 2" | C66: шт | E66: 1187
A67: =A66+1 -> 63 | B67: Кран шаровый муфтовый Вр 2" Валтек | C67: шт | E67: 1187
A68: =A67+1 -> 64 | B68: Кран шаровый муфтовый Вр-Вр 1" / подкл. ПС Валтек | C68: шт | E68: 386.54
A69: =A68+1 -> 65 | B69: Кран шаровый муфтовый ВР-ВР 1/2" | C69: шт | E69: 128.87
A70: =A69+1 -> 66 | B70: Кран шаровый муфтовый Вр-Вр 1/2" (для УВП ХВС) Валтек | C70: шт | E70: 128.87
... A89: =A88+1 -> 85 | B89: Кран шаровый полнопроходной Ду 32 Ру 16 Валтек | C89: шт | E89: 672.74
A90: =A89+1 -> 86 | B90: Краска | C90: кг
A91: =A90+1 -> 87 | B91: Лен трепанный | C91: кг | E91: 380
A92: =A91+1 -> 88 | B92: Манометр Ру=1,6 МПа d-100мм М20х1.5, "ROSMA" | C92: шт | E92: 307.38
A93: =A92+1 -> 89 | B93: Муфта комбинированная Нр-Вр Ду 32 Контур | C93: шт | E93: 87.3
A94: =A93+1 -> 90 | B94: Муфта лат. ВР 1 1/2" | C94: шт | E94: 115.7
A95: =A94+1 -> 91 | B95: Муфта лат. ВР 1 1/4" | C95: шт | E95: 168
A96: =A95+1 -> 92 | B96: Муфта лат. ВР 1" | C96: шт | E96: 101.8
A97: =A96+1 -> 93 | B97: Муфта ППН переходная 40-20 | C97: шт | E97: 13.85
A98: =A97+1 -> 94 | B98: Муфта ППН переходная 40-20 Контур | C98: шт | E98: 13.85
A99: =A98+1 -> 95 | B99: Муфта ППН переходная 40-32 / подкл. к коллектору | C99: шт | E99: 14.03
A100: =A99+1 -> 96 | B100: Муфта ППН переходная 40-32 / подкл. к коллектору Контур | C100: шт | E100: 14.03
A101: =A100+1 -> 97 | B101: Муфта ППН комб. ВР 25-3/4" Контур | C101: шт | E101: 59.4
A102: =A101+1 -> 98 | B102: Муфта ППН комб. ВР 40-1 1/4" | C102: шт | E102: 279.9
... A159: =A158+1 -> 155 | B159: Отвод стальной нерж. 90 гр. Д-168,3х3,0 (ISO) (Ду150) | C159: шт | E159: 3138
A160: =A159+1 -> 156 | B160: Отвод стальной нерж. 90 гр. Д-21,3х1,5 мм (ISO) (Ду15) | C160: шт | E160: 117 | F160: поменяли толщину на 3х1,5
A161: =A160+1 -> 157 | B161: Отвод стальной нерж. 90 гр. Д-33,7х2,0 мм (ISO) (Ду25) | C161: шт | E161: 208
A162: =A161+1 -> 158 | B162: Отвод стальной нерж. 90 гр. Д-42,4х2,0 мм (ISO) (Ду32) | C162: шт | E162: 252
A163: =A162+1 -> 159 | B163: Отвод стальной нерж. 90 гр. Д-48,3х3,0 мм (ISO) (Ду40) | C163: шт | E163: 319
A164: =A163+1 -> 160 | B164: Отвод стальной нерж. 90 гр. Д-60,3х3,0 мм (ISO) (Ду50) | C164: шт | E164: 654
A165: =A164+1 -> 161 | B165: Отвод стальной нерж. 90 гр. Д-76,1х3,0 мм (ISO) (Ду65) | C165: шт | E165: 741
A166: =A165+1 -> 162 | B166: Пена противопожарная | C166: бал. | E166: 237.17
A167: =A166+1 -> 163 | B167: Переход стальной Д-108х89 | C167: шт | E167: 193.2
A168: =A167+1 -> 164 | B168: Переход стальной Д-89х76 | C168: шт | E168: 126.96
A169: =A168+1 -> 165 | B169: Переход стальной нерж. Д-114,3х76,1 (ISO) (Ду100) | C169: шт | E169: 641
A170: =A169+1 -> 166 | B170: Переход стальной нерж. Д-168,3х114,3 (ISO) (Ду150х100) | C170: шт | E170: 1453
A171: =A170+1 -> 167 | B171: Переход стальной нерж. Д-168,3х114,3 (ISO) (Ду150х100) / в систему В2 | C171: шт | E171: 1453
A172: =A171+1 -> 168 | B172: Переход стальной нерж. Д-48,3х42,4 (ISO) (Ду40х32) | C172: шт | E172: 202
... A177: =A176+1 -> 173 | B177: Раковина | C177: шт | E177: 800
A178: =A177+1 -> 174 | B178: Рама-основание для насосной станции Труба квадратная 40х40х2 | C178: шт | E178: =15.3/6*50 -> 127.5
A179: =A178+1 -> 175 | B179: Рама-основание для насосной станции с виброопорами Труба квадратная 40х40х2 | C179: шт | E179: =15.3/6*50 -> 127.5
A180: =A179+1 -> 176 | B180: Рамка под насосную группу Уголок 50х50 | C180: шт | E180: =3.77*45 -> 169.65
...
